Workbook
Name ___sub1: #REF!
Name ___sub2: #REF!
Name ___sub3: #REF!
Name _0: "$#REF!.$N$2:$N$2"
Name _i: #REF!
Name _i_2: "FINANCEIRO.$#REF!$#REF!"
Name _l: #REF!
Name _l_2: "FINANCEIRO.$#REF!$#REF!"
Name _s: #REF!
Name _s_2: "FINANCEIRO.$#REF!$#REF!"
Name _sub1: #REF!
Name _sub2: #REF!
Name _sub3: #REF!
Name _t: #REF!
Name _t_2: "FINANCEIRO.$#REF!$#REF!"
Name a: #REF!
Name Acréscimo_de_hora_extra: #REF!
Name Acréscimo_feriado: #REF!
Name Adicional_noturno: #REF!
Name Ajudante_diu_cap_mec: #REF!
Name Ajudante_diu_cap_mec_res: #REF!
Name Ajudante_diu_eq_padrão: #REF!
Name Ajudante_diu_eq_padrão_res: #REF!
Name Ajudante_diu_lav_vias: #REF!
Name Ajudante_diu_lav_vias_res: #REF!
Name Ajudante_diu_op_aterro: #REF!
Name Ajudante_diu_op_aterro_res: #REF!
Name Ajudante_diu_usi_rec_comp: #REF!
Name Ajudante_diu_usi_rec_comp_res: #REF!
Name Ajudante_diu_usi_tra_RSSS: #REF!
Name Ajudante_diu_usi_tra_RSSS_res: #REF!
Name Ajudante_not_cap_mec: #REF!
Name Ajudante_not_cap_mec_res: #REF!
Name Ajudante_not_eq_padrão: #REF!
Name Ajudante_not_eq_padrão_res: #REF!
Name Ajudante_not_lav_vias: #REF!
Name Ajudante_not_lav_vias_res: #REF!
Name Ajudante_not_op_aterro: #REF!
Name Ajudante_not_op_aterro_res: #REF!
Name Ajudante_not_usi_rec_comp: #REF!
Name Ajudante_not_usi_rec_comp_res: #REF!
Name Ajudante_not_usi_tra_RSSS: #REF!
Name Ajudante_not_usi_tra_RSSS_res: #REF!
Name Análise: #REF!
Name AnimCapa: #REF!
Name AnimDetalhes: #REF!
Name Apoio: #REF!
Name AREA: #REF!
Name Área_impressão_IM_1: "$#REF!.$B$2:$L$41"
Name Área_impressão_IM_2: "$CRONO.$#REF!$#REF!:$#REF!$#REF!"
Name Área_impressão_IM_3: #REF!
Name AterroCapa: #REF!
Name AterroDetalhes: #REF!
Name AUTOEVENTO: #REF!
Name B: #REF!
Name BANCO: #REF!
Name Banco_dados_IM: #REF!
Name Basc: #REF!
Name BASICO: #REF!
Name BD_sal_aju_aterro: #REF!

Sheet ANEXO V
A1: 1 | B1: 2 | C1: 3 | D1: 4 | E1: 5 | F1: 6 | G1: 7 | H1: 8 | I1: 9
A4: ANEXO V - MODELO DE PLANILHA ORÇAMENTÁRIA DE CUSTOS
A6: PREFEITURA: PREFEITURA MUNICIPAL DE SANTANA DO PARAÍSO | G6: FOLHA Nº:
A7: OBRA: RECAPEAMENTO RUA CEDRINHO | G7: DATA:
A8: LOCAL: RUA CEDRINHO, BAIRRO JARDIM VITÓRIA, SANTANA DO PARAÍSO-MG. | F8: FORMA DE EXECUÇÃO:
F9: ( ) | G9: DIRETA | H9: ( ) | I9: INDIRETA
H10: BDI
A12: ITEM | B12: FONTE | C12: CÓDIGO | D12: DESCRIÇÃO | E12: UNIDADE | F12: QUANTIDADE | G12: PREÇO UNITÁRIO S/ BDI | H12: PREÇO UNITÁRIO C/ BDI | I12: PREÇO TOTAL
A13: 1 | D13: ADMINISTRAÇÃO LOCAL - RUA CEDRINHO
A14: 1.1 | B14: =VLOOKUP($A14,'MEMORIA DE CAL.'!$B$2:$L$212,2,FALSE) -> COMPOSIÇÃO | C14: =VLOOKUP($A14,'MEMORIA DE CAL.'!$B$2:$L$212,3,FALSE) -> CPU-001 | D14: =VLOOKUP($A14,'MEMORIA DE CAL.'!$B$2:$L$212,4,FALSE) -> ADMINISTRAÇÃO LOCAL DA OBRA | E14: =VLOOKUP($A14,'MEMORIA DE CAL.'!$B$2:$L$212,5,FALSE) -> UNID. | F14: =VLOOKUP($A14,'MEMORIA DE CAL.'!$B$2:$L$212,11,FALSE) -> 1
A15: 2 | D15: INSTALAÇÕES INICIAIS DA OBRA - RUA CEDRINHO
A16: 2.1 | B16: =VLOOKUP($A16,'MEMORIA DE CAL.'!$B$2:$L$212,2,FALSE) -> SEINFRA | C16: =VLOOKUP($A16,'MEMORIA DE CAL.'!$B$2:$L$212,3,FALSE) -> ED-28427 | D16: =VLOOKUP($A16,'MEMORIA DE CAL.'!$B$2:$L$212,4,FALSE) -> FORNECIMENTO E COLOCAÇÃO DE PLACA DE OBRA EM CHAPA GALVANIZADA #26, ESP. 0,45MM, DIMENSÃO (3X1,5)M, PLOTADA COM ADESIVO VINÍLICO, AFIXADA COM REBITES 4,8X40MM, EM ESTRUTURA METÁLICA DE METALON 20X20MM, ESP. 1,25MM, INCLUSIVE SUPORTE EM EUCALIPTO AUTOCLAVADO PINTADO COM TINTA PVA DUAS (2) DEMÃOS | E16: =VLOOKUP($A16,'MEMORIA DE CAL.'!$B$2:$L$212,5,FALSE) -> UN | F16: =VLOOKUP($A16,'MEMORIA DE CAL.'!$B$2:$L$212,11,FALSE) -> 1
A17: 2.2 | B17: =VLOOKUP($A17,'MEMORIA DE CAL.'!$B$2:$L$212,2,FALSE) -> SEINFRA | C17: =VLOOKUP($A17,'MEMORIA DE CAL.'!$B$2:$L$212,3,FALSE) -> ED-50137 | D17: =VLOOKUP($A17,'MEMORIA DE CAL.'!$B$2:$L$212,4,FALSE) -> MOBILIZAÇÃO E DESMOBILIZAÇÃO DE CONTAINER, INCLUSIVE CARGA, DESCARGA E TRANSPORTE EM CAMINHÃO CARROCERIA COM GUINDAUTO (MUNCK), EXCLUSIVE LOCAÇÃO DO CONTAINER | E17: =VLOOKUP($A17,'MEMORIA DE CAL.'!$B$2:$L$212,5,FALSE) -> UN | F17: =VLOOKUP($A17,'MEMORIA DE CAL.'!$B$2:$L$212,11,FALSE) -> 1
A18: 2.3 | B18: =VLOOKUP($A18,'MEMORIA DE CAL.'!$B$2:$L$212,2,FALSE) -> SEINFRA | C18: =VLOOKUP($A18,'MEMORIA DE CAL.'!$B$2:$L$212,3,FALSE) -> ED-16358 | D18: =VLOOKUP($A18,'MEMORIA DE CAL.'!$B$2:$L$212,4,FALSE) -> LIGAÇÕES PROVISÓRIAS PARA CONTAINER TIPO 3 (CORRESPONDENTE AO CÓDIGO ED-16350) | E18: =VLOOKUP($A18,'MEMORIA DE CAL.'!$B$2:$L$212,5,FALSE) -> UN | F18: =VLOOKUP($A18,'MEMORIA DE CAL.'!$B$2:$L$212,11,FALSE) -> 1
A19: 2.4 | B19: =VLOOKUP($A19,'MEMORIA DE CAL.'!$B$2:$L$212,2,FALSE) -> SEINFRA | C19: =VLOOKUP($A19,'MEMORIA DE CAL.'!$B$2:$L$212,3,FALSE) -> ED-16350 | D19: =VLOOKUP($A19,'MEMORIA DE CAL.'!$B$2:$L$212,4,FALSE) -> LOCAÇÃO DE CONTAINER COM ISOLAMENTO TÉRMICO, TIPO 3, PARA DEPÓSITO/FERRAMENTARIA DE OBRA, COM MEDIDAS REFERENCIAIS DE (6) METROS COMPRIMENTO, (2,3) METROS LARGURA E (2,5) METROS ALTURA ÚTIL INTERNA, INCLUSIVE LIGAÇÕES ELÉTRICAS INTERNAS, EXCLUSIVE MOBILIZAÇÃO/DESMOBILIZAÇÃO E LIGAÇÕES PROVISÓRIAS EXTERNAS | E19: =VLOOKUP($A19,'MEMORIA DE CAL.'!$B$2:$L$212,5,FALSE) -> MÊS | F19: =VLOOKUP($A19,'MEMORIA DE CAL.'!$B$2:$L$212,11,FALSE) -> 1
A20: 2.5 | B20: =VLOOKUP($A20,'MEMORIA DE CAL.'!$B$2:$L$212,2,FALSE) -> SEINFRA | C20: =VLOOKUP($A20,'MEMORIA DE CAL.'!$B$2:$L$212,3,FALSE) -> ED-50155 | D20: =VLOOKUP($A20,'MEMORIA DE CAL.'!$B$2:$L$212,4,FALSE) -> LOCAÇÃO DE BANHEIRO QUÍMICO, DIMENSÃO (110X120X230)CM, LINHA PADRÃO, CONTENDO UMA (1) PIA/HIGIENIZADOR DE MÃOS, INCLUSIVE MANUTENÇÃO E MOBILIZAÇÃO/DESMOBILIZAÇÃO | E20: =VLOOKUP($A20,'MEMORIA DE CAL.'!$B$2:$L$212,5,FALSE) -> MÊS | F20: =VLOOKUP($A20,'MEMORIA DE CAL.'!$B$2:$L$212,11,FALSE) -> 1
A21: 3 | D21: REMOÇÃO E FRESAGEM DE PAVIMENTO DANIFICADO - RUA CEDRINHO
A22: 3.1 | B22: =VLOOKUP($A22,'MEMORIA DE CAL.'!$B$2:$L$212,2,FALSE) -> SEINFRA | C22: =VLOOKUP($A22,'MEMORIA DE CAL.'!$B$2:$L$212,3,FALSE) -> ED-51104 | D22: =VLOOKUP($A22,'MEMORIA DE CAL.'!$B$2:$L$212,4,FALSE) -> ESCAVAÇÃO MECÂNICA HORIZONTAL, COM TRATOR DE ESTEIRA, EM MATERIAL DE 2ª CATEGORIA, INCLUSIVE AFASTAMENTO E EMPILHAMENTO COM DISTÂNCIA MÁXIMA DE ATÉ CINQUENTA (50) METROS, EXCLUSIVE CARGA, TRANSPORTE E DESGARGA | E22: =VLOOKUP($A22,'MEMORIA DE CAL.'!$B$2:$L$212,5,FALSE) -> M3 | F22: =VLOOKUP($A22,'MEMORIA DE CAL.'!$B$2:$L$212,11,FALSE) -> 33.74
A23: 3.2 | B23: =VLOOKUP($A23,'MEMORIA DE CAL.'!$B$2:$L$212,2,FALSE) -> SEINFRA | C23: =VLOOKUP($A23,'MEMORIA DE CAL.'!$B$2:$L$212,3,FALSE) -> ED-51103 | D23: =VLOOKUP($A23,'MEMORIA DE CAL.'!$B$2:$L$212,4,FALSE) -> ESCAVAÇÃO MECÂNICA HORIZONTAL, COM TRATOR DE ESTEIRA, EM MATERIAL DE 1ª CATEGORIA, INCLUSIVE AFASTAMENTO E EMPILHAMENTO COM DISTÂNCIA MÁXIMA DE ATÉ CINQUENTA (50) METROS, EXCLUSIVE CARGA, TRANSPORTE E DESGARGA | E23: =VLOOKUP($A23,'MEMORIA DE CAL.'!$B$2:$L$212,5,FALSE) -> M3 | F23: =VLOOKUP($A23,'MEMORIA DE CAL.'!$B$2:$L$212,11,FALSE) -> 134.91
A24: 3.3 | B24: =VLOOKUP($A24,'MEMORIA DE CAL.'!$B$2:$L$212,2,FALSE) -> SEINFRA | C24: =VLOOKUP($A24,'MEMORIA DE CAL.'!$B$2:$L$212,3,FALSE) -> ED-48507 | D24: =VLOOKUP($A24,'MEMORIA DE CAL.'!$B$2:$L$212,4,FALSE) -> DEMOLIÇÃO MANUAL DE SARJETA OU SARJETÃO DE CONCRETO, INCLUSIVE AFASTAMENTO E EMPILHAMENTO, EXCLUSIVE TRANSPORTE E RETIRADA DO MATERIAL DEMOLIDO | E24: =VLOOKUP($A24,'MEMORIA DE CAL.'!$B$2:$L$212,5,FALSE) -> M | F24: =VLOOKUP($A24,'MEMORIA DE CAL.'!$B$2:$L$212,11,FALSE) -> 154.87
A25: 3.4 | B25: =VLOOKUP($A25,'MEMORIA DE CAL.'!$B$2:$L$212,2,FALSE) -> SINAPI | C25: =VLOOKUP($A25,'MEMORIA DE CAL.'!$B$2:$L$212,3,FALSE) -> 96001 | D25: =VLOOKUP($A25,'MEMORIA DE CAL.'!$B$2:$L$212,4,FALSE) -> FRESAGEM DE PAVIMENTO ASFÁLTICO (PROFUNDIDADE ATÉ 5,0 CM) - EXCLUSIVE TRANSPORTE. AF_11/2019 | E25: =VLOOKUP($A25,'MEMORIA DE CAL.'!$B$2:$L$212,5,FALSE) -> M2 | F25: =VLOOKUP($A25,'MEMORIA DE CAL.'!$B$2:$L$212,11,FALSE) -> 1595.95
A26: 3.5 | B26: =VLOOKUP($A26,'MEMORIA DE CAL.'!$B$2:$L$212,2,FALSE) -> SEINFRA | C26: =VLOOKUP($A26,'MEMORIA DE CAL.'!$B$2:$L$212,3,FALSE) -> ED-51132 | D26: =VLOOKUP($A26,'MEMORIA DE CAL.'!$B$2:$L$212,4,FALSE) -> CARGA MECÂNICA DE MATERIAL DE QUALQUER NATUREZA SOBRE CAMINHÃO, EXCLUSIVE TRANSPORTE | E26: =VLOOKUP($A26,'MEMORIA DE CAL.'!$B$2:$L$212,5,FALSE) -> M3 | F26: =VLOOKUP($A26,'MEMORIA DE CAL.'!$B$2:$L$212,11,FALSE) -> 255.42
A27: 3.6 | B27: =VLOOKUP($A27,'MEMORIA DE CAL.'!$B$2:$L$212,2,FALSE) -> SINAPI | C27: =VLOOKUP($A27,'MEMORIA DE CAL.'!$B$2:$L$212,3,FALSE) -> 95875 | D27: =VLOOKUP($A27,'MEMORIA DE CAL.'!$B$2:$L$212,4,FALSE) -> TRANSPORTE COM CAMINHÃO BASCULANTE DE 10 M³, EM VIA URBANA PAVIMENTADA, DMT ATÉ 30 KM (UNIDADE: M3XKM). AF_07/2020 | E27: =VLOOKUP($A27,'MEMORIA DE CAL.'!$B$2:$L$212,5,FALSE) -> M3XKM | F27: =VLOOKUP($A27,'MEMORIA DE CAL.'!$B$2:$L$212,11,FALSE) -> 1123.78
A28: 4 | D28: RECOMPOSIÇÃO E RECAPEAMENTO CAMADA ASFALTICA - RUA CEDRINHO
A29: 4.1 | B29: =VLOOKUP($A29,'MEMORIA DE CAL.'!$B$2:$L$212,2,FALSE) -> SINAPI | C29: =VLOOKUP($A29,'MEMORIA DE CAL.'!$B$2:$L$212,3,FALSE) -> 105730 | D29: =VLOOKUP($A29,'MEMORIA DE CAL.'!$B$2:$L$212,4,FALSE) -> CONSTRUÇÃO DE BASE E SUB-BASE PARA PAVIMENTAÇÃO DE BRITA GRADUADA SIMPLES, COM ESPESSURA DE 20 CM - EXCLUSIVE CARGA E TRANSPORTE. AF_09/2024 | E29: =VLOOKUP($A29,'MEMORIA DE CAL.'!$B$2:$L$212,5,FALSE) -> M3 | F29: =VLOOKUP($A29,'MEMORIA DE CAL.'!$B$2:$L$212,11,FALSE) -> 134.91
A30: 4.2 | B30: =VLOOKUP($A30,'MEMORIA DE CAL.'!$B$2:$L$212,2,FALSE) -> SEINFRA | C30: =VLOOKUP($A30,'MEMORIA DE CAL.'!$B$2:$L$212,3,FALSE) -> ED-51132 | D30: =VLOOKUP($A30,'MEMORIA DE CAL.'!$B$2:$L$212,4,FALSE) -> CARGA MECÂNICA DE MATERIAL DE QUALQUER NATUREZA SOBRE CAMINHÃO, EXCLUSIVE TRANSPORTE | E30: =VLOOKUP($A30,'MEMORIA DE CAL.'!$B$2:$L$212,5,FALSE) -> M3 | F30: =VLOOKUP($A30,'MEMORIA DE CAL.'!$B$2:$L$212,11,FALSE) -> 134.91
A31: 4.3 | B31: =VLOOKUP($A31,'MEMORIA DE CAL.'!$B$2:$L$212,2,FALSE) -> SINAPI | C31: =VLOOKUP($A31,'MEMORIA DE CAL.'!$B$2:$L$212,3,FALSE) -> 95875 | D31: =VLOOKUP($A31,'MEMORIA DE CAL.'!$B$2:$L$212,4,FALSE) -> TRANSPORTE COM CAMINHÃO BASCULANTE DE 10 M³, EM VIA URBANA PAVIMENTADA, DMT ATÉ 30 KM (UNIDADE: M3XKM). AF_07/2020 | E31: =VLOOKUP($A31,'MEMORIA DE CAL.'!$B$2:$L$212,5,FALSE) -> M3XKM | F31: =VLOOKUP($A31,'MEMORIA DE CAL.'!$B$2:$L$212,11,FALSE) -> 2316.4
A32: 4.4 | B32: =VLOOKUP($A32,'MEMORIA DE CAL.'!$B$2:$L$212,2,FALSE) -> SICRO/DNIT | C32: =VLOOKUP($A32,'MEMORIA DE CAL.'!$B$2:$L$212,3,FALSE) -> 4011352 | D32: =VLOOKUP($A32,'MEMORIA DE CAL.'!$B$2:$L$212,4,FALSE) -> IMPRIMAÇÃO COM EMULSÃO ASFÁLTICA (EAI) | E32: =VLOOKUP($A32,'MEMORIA DE CAL.'!$B$2:$L$212,5,FALSE) -> M² | F32: =VLOOKUP($A32,'MEMORIA DE CAL.'!$B$2:$L$212,11,FALSE) -> 674.55
A33: 4.5 | B33: =VLOOKUP($A33,'MEMORIA DE CAL.'!$B$2:$L$212,2,FALSE) -> DER-MG | C33: =VLOOKUP($A33,'MEMORIA DE CAL.'!$B$2:$L$212,3,FALSE) -> ARP 365/2023 (Preço Unit. com ICMS) | D33: =VLOOKUP($A33,'MEMORIA DE CAL.'!$B$2:$L$212,4,FALSE) -> FORNECIMENTO DE MATERIAL BETUMINOSO EAI - EMULSÃO ASFÁLTICA PARA IMPRIMAÇÃO | E33: =VLOOKUP($A33,'MEMORIA DE CAL.'!$B$2:$L$212,5,FALSE) -> T | F33: =VLOOKUP($A33,'MEMORIA DE CAL.'!$B$2:$L$212,11,FALSE) -> 0.87
A34: 4.6 | B34: =VLOOKUP($A34,'MEMORIA DE CAL.'!$B$2:$L$212,2,FALSE) -> SICRO/DNIT | C34: =VLOOKUP($A34,'MEMORIA DE CAL.'!$B$2:$L$212,3,FALSE) -> 5914622 | D34: =VLOOKUP($A34,'MEMORIA DE CAL.'!$B$2:$L$212,4,FALSE) -> TRANSPORTE DE MATERIAL BETUMINOSO COM CAMINHÃO TANQUE DISTRIBUIDOR - RODOVIA PAVIMENTADA | E34: =VLOOKUP($A34,'MEMORIA DE CAL.'!$B$2:$L$212,5,FALSE) -> TXKM | F34: =VLOOKUP($A34,'MEMORIA DE CAL.'!$B$2:$L$212,11,FALSE) -> 20.26
A35: 4.7 | B35: =VLOOKUP($A35,'MEMORIA DE CAL.'!$B$2:$L$212,2,FALSE) -> SICRO/DNIT | C35: =VLOOKUP($A35,'MEMORIA DE CAL.'!$B$2:$L$212,3,FALSE) -> 4011353 | D35: =VLOOKUP($A35,'MEMORIA DE CAL.'!$B$2:$L$212,4,FALSE) -> PINTURA DE LIGAÇÃO | E35: =VLOOKUP($A35,'MEMORIA DE CAL.'!$B$2:$L$212,5,FALSE) -> M² | F35: =VLOOKUP($A35,'MEMORIA DE CAL.'!$B$2:$L$212,11,FALSE) -> 4541
A36: 4.8 | B36: =VLOOKUP($A36,'MEMORIA DE CAL.'!$B$2:$L$212,2,FALSE) -> DER-MG | C36: =VLOOKUP($A36,'MEMORIA DE CAL.'!$B$2:$L$212,3,FALSE) -> ARP 365/2023 (Preço Unit. com ICMS) | D36: =VLOOKUP($A36,'MEMORIA DE CAL.'!$B$2:$L$212,4,FALSE) -> FORNECIMENTO DE MATERIAL BETUMINOSO RR-1C | E36: =VLOOKUP($A36,'MEMORIA DE CAL.'!$B$2:$L$212,5,FALSE) -> T | F36: =VLOOKUP($A36,'MEMORIA DE CAL.'!$B$2:$L$212,11,FALSE) -> 2.03
A37: 4.9 | B37: =VLOOKUP($A37,'MEMORIA DE CAL.'!$B$2:$L$212,2,FALSE) -> SICRO/DNIT | C37: =VLOOKUP($A37,'MEMORIA DE CAL.'!$B$2:$L$212,3,FALSE) -> 5914622 | D37: =VLOOKUP($A37,'MEMORIA DE CAL.'!$B$2:$L$212,4,FALSE) -> TRANSPORTE DE MATERIAL BETUMINOSO COM CAMINHÃO TANQUE DISTRIBUIDOR - RODOVIA PAVIMENTADA | E37: =VLOOKUP($A37,'MEMORIA DE CAL.'!$B$2:$L$212,5,FALSE) -> TXKM | F37: =VLOOKUP($A37,'MEMORIA DE CAL.'!$B$2:$L$212,11,FALSE) -> 47.2
A38: 4.10 | B38: =VLOOKUP($A38,'MEMORIA DE CAL.'!$B$2:$L$212,2,FALSE) -> SEINFRA | C38: =VLOOKUP($A38,'MEMORIA DE CAL.'!$B$2:$L$212,3,FALSE) -> ED-7623 | D38: =VLOOKUP($A38,'MEMORIA DE CAL.'!$B$2:$L$212,4,FALSE) -> EXECUÇÃO E APLICAÇÃO DE CONCRETO BETUMINOSO USINADO A QUENTE (CBUQ), MASSA COMERCIAL, INCLUINDO FORNECIMENTO E TRANSPORTE DOS AGREGADOS E MATERIAL BETUMINOSO, EXCLUSIVE TRANSPORTE DA MASSA ASFÁLTICA ATÉ A PISTA | E38: =VLOOKUP($A38,'MEMORIA DE CAL.'!$B$2:$L$212,5,FALSE) -> M3 | F38: =VLOOKUP($A38,'MEMORIA DE CAL.'!$B$2:$L$212,11,FALSE) -> 113.52
A39: 4.11 | B39: =VLOOKUP($A39,'MEMORIA DE CAL.'!$B$2:$L$212,2,FALSE) -> SICRO/DNIT | C39: =VLOOKUP($A39,'MEMORIA DE CAL.'!$B$2:$L$212,3,FALSE) -> 5914612 | D39: =VLOOKUP($A39,'MEMORIA DE CAL.'!$B$2:$L$212,4,FALSE) -> TRANSPORTE DE MISTURA BETUMINOSA A QUENTE COM CAMINHÃO COM CAÇAMBA TÉRMICA DE 6 M³ - RODOVIA PAVIMENTADA (USINA-OBRA) | E39: =VLOOKUP($A39,'MEMORIA DE CAL.'!$B$2:$L$212,5,FALSE) -> TxKm | F39: =VLOOKUP($A39,'MEMORIA DE CAL.'!$B$2:$L$212,11,FALSE) -> 6293.83
A40: 4.12 | B40: =VLOOKUP($A40,'MEMORIA DE CAL.'!$B$2:$L$212,2,FALSE) -> SEINFRA | C40: =VLOOKUP($A40,'MEMORIA DE CAL.'!$B$2:$L$212,3,FALSE) -> ED-51139 | D40: =VLOOKUP($A40,'MEMORIA DE CAL.'!$B$2:$L$212,4,FALSE) -> GUIA DE MEIO-FIO, EM CONCRETO COM FCK 20MPA, PRÉ-MOLDADA, MFC-01 PADRÃO DER-MG, DIMENSÕES (12X16,7X35)CM, EXCLUSIVE SARJETA, INCLUSIVE ESCAVAÇÃO, APILOAMENTO E TRANSPORTE COM RETIRADA DO MATERIAL ESCAVADO (EM CAÇAMBA) | E40: =VLOOKUP($A40,'MEMORIA DE CAL.'!$B$2:$L$212,5,FALSE) -> M | F40: =VLOOKUP($A40,'MEMORIA DE CAL.'!$B$2:$L$212,11,FALSE) -> 154.87
A41: 4.13 | B41: =VLOOKUP($A41,'MEMORIA DE CAL.'!$B$2:$L$212,2,FALSE) -> SINAPI | C41: =VLOOKUP($A41,'MEMORIA DE CAL.'!$B$2:$L$212,3,FALSE) -> 94287 | D41: =VLOOKUP($A41,'MEMORIA DE CAL.'!$B$2:$L$212,4,FALSE) -> EXECUÇÃO DE SARJETA DE CONCRETO USINADO, MOLDADA IN LOCO EM TRECHO RETO, 30 CM BASE X 10 CM ALTURA. AF_01/2024 | E41: =VLOOKUP($A41,'MEMORIA DE CAL.'!$B$2:$L$212,5,FALSE) -> M | F41: =VLOOKUP($A41,'MEMORIA DE CAL.'!$B$2:$L$212,11,FALSE) -> 622.77
A42: 5 | D42: SERVIÇOS FINAIS - RUA CEDRINHO
A43: 5.1 | B43: =VLOOKUP($A43,'MEMORIA DE CAL.'!$B$2:$L$212,2,FALSE) -> COMPOSIÇÃO | C43: =VLOOKUP($A43,'MEMORIA DE CAL.'!$B$2:$L$212,3,FALSE) -> CPU-002 | D43: =VLOOKUP($A43,'MEMORIA DE CAL.'!$B$2:$L$212,4,FALSE) -> LIMPEZA, VARRIÇÃO E LAVAGEM DA PISTA | E43: =VLOOKUP($A43,'MEMORIA DE CAL.'!$B$2:$L$212,5,FALSE) -> M2 | F43: =VLOOKUP($A43,'MEMORIA DE CAL.'!$B$2:$L$212,11,FALSE) -> 2270.5
A45: TOTAL GERAL DA OBRA

Sheet ANEXO VI
J1: MUNICIPIO DE SANTANA DO PARAÍSO Rua Dona Amélia nº 71 - Bairro Centro - Cidade Santana do Paraíso - Minas Gerais TEL. (31) 3251-7600 - CEP 35179-000 PREFEITURA MUNICIPAL DE SANTANA DO PARAÍSO
E2: MIN | F2: MED | G2: MAX
A3: OBRA DE EDIFICAÇÃO | B3: AC | C3: =CONCATENATE(A3,"-",B3) -> OBRA DE EDIFICAÇÃO-AC | E3: 0.03 | F3: 0.04 | G3: 0.055
A4: =A3 -> OBRA DE EDIFICAÇÃO | B4: SG | C4: =CONCATENATE(A4,"-",B4) -> OBRA DE EDIFICAÇÃO-SG | E4: 0.008 | F4: 0.008 | G4: 0.01 | J4: COMPOSIÇÃO DO BDI
A5: =A4 -> OBRA DE EDIFICAÇÃO | B5: R | C5: =CONCATENATE(A5,"-",B5) -> OBRA DE EDIFICAÇÃO-R | E5: 0.0097 | F5: 0.0127 | G5: 0.0127
A6: =A5 -> OBRA DE EDIFICAÇÃO | B6: DF | C6: =CONCATENATE(A6,"-",B6) -> OBRA DE EDIFICAÇÃO-DF | E6: 0.0059 | F6: 0.0123 | G6: 0.0139 | J6: PREFEITURA: PREFEITURA MUNICIPAL DE SANTANA DO PARAÍSO | S6: FOLHA Nº: 1
A7: =A6 -> OBRA DE EDIFICAÇÃO | B7: L | C7: =CONCATENATE(A7,"-",B7) -> OBRA DE EDIFICAÇÃO-L | E7: 0.0616 | F7: 0.074 | G7: 0.0896 | I7: FILTRO | J7: OBRA: RECAPEAMENTO RUA CEDRINHO | S7: DATA: 09/12/2025
A8: =A7 -> OBRA DE EDIFICAÇÃO | B8: BDI PAD | C8: =CONCATENATE(A8,"-",B8) -> OBRA DE EDIFICAÇÃO-BDI PAD | E8: 0.2034 | F8: 0.2212 | G8: 0.25 | J8: LOCAL: RUA CEDRINHO, BAIRRO JARDIM VITÓRIA, SANTANA DO PARAÍSO-MG.
A9: OBRA RODOVIÁRIA | B9: AC | C9: =CONCATENATE(A9,"-",B9) -> OBRA RODOVIÁRIA-AC | E9: 0.038 | F9: 0.0401 | G9: 0.0467 | J9: REGIÃO/MÊS DE REFERÊNCIA: SEINFRA JUL./2025 - REGIÃO LESTE S/ DESONERAÇÃO; SINAPI SETEMBRO/2025 - S/ DESONERAÇÃO; SICRO JULHO/2025.
A10: OBRA RODOVIÁRIA | B10: SG | C10: =CONCATENATE(A10,"-",B10) -> OBRA RODOVIÁRIA-SG | E10: 0.0032 | F10: 0.004 | G10: 0.0074 | J10: CONFORME LEGISLAÇÃO TRIBUTÁRIA MUNICIPAL, DEFINIR ESTIMATIVA DE PERCENTUAL DA BASE DE CÁLCULO PARA O ISS:
A12: OBRA RODOVIÁRIA | B12: R | C12: =CONCATENATE(A12,"-",B12) -> OBRA RODOVIÁRIA-R | E12: 0.005 | F12: 0.0056 | G12: 0.0097
A13: OBRA RODOVIÁRIA | B13: DF | C13: =CONCATENATE(A13,"-",B13) -> OBRA RODOVIÁRIA-DF | E13: 0.0102 | F13: 0.0111 | G13: 0.0121 | I13: ↓ | J13: SOBRE A BASE DE CÁLCULO, DEFINIR A RESPECTIVA ALÍQUOTA DO ISS (ENTRE 2% E 5%):
A14: OBRA RODOVIÁRIA | B14: L | C14: =CONCATENATE(A14,"-",B14) -> OBRA RODOVIÁRIA-L | E14: 0.0664 | F14: 0.073 | G14: 0.0869 | I14: F
A15: OBRA RODOVIÁRIA | B15: BDI PAD | C15: =CONCATENATE(A15,"-",B15) -> OBRA RODOVIÁRIA-BDI PAD | E15: 0.196 | F15: 0.2097 | G15: 0.2423 | I15: F | J15: BDI
A16: Construção de Redes de Abastecimento de Água, Coleta de Esgoto | B16: AC | C16: =CONCATENATE(A16,"-",B16) -> Construção de Redes de Abastecimento de Água, Coleta de Esgoto-AC | E16: 0.0343 | F16: 0.0493 | G16: 0.0671 | I16: F
A17: =A16 -> Construção de Redes de Abastecimento de Água, Coleta de Esgoto | B17: SG | C17: =CONCATENATE(A17,"-",B17) -> Construção de Redes de Abastecimento de Água, Coleta de Esgoto-SG | E17: 0.0028 | F17: 0.0049 | G17: 0.0075 | I17: F | J17: TIPO DE OBRA: | L17: OBRA RODOVIÁRIA
A18: =A17 -> Construção de Redes de Abastecimento de Água, Coleta de Esgoto | B18: R | C18: =CONCATENATE(A18,"-",B18) -> Construção de Redes de Abastecimento de Água, Coleta de Esgoto-R | E18: 0.01 | F18: 0.0139 | G18: 0.0174 | I18: F
A19: =A18 -> Construção de Redes de Abastecimento de Água, Coleta de Esgoto | B19: DF | C19: =CONCATENATE(A19,"-",B19) -> Construção de Redes de Abastecimento de Água, Coleta de Esgoto-DF | E19: 0.0094 | F19: 0.0099 | G19: 0.0117 | I19: F
A20: =A19 -> Construção de Redes de Abastecimento de Água, Coleta de Esgoto | B20: L | C20: =CONCATENATE(A20,"-",B20) -> Construção de Redes de Abastecimento de Água, Coleta de Esgoto-L | E20: 0.0674 | F20: 0.0804 | G20: 0.094 | I20: F
A21: =A20 -> Construção de Redes de Abastecimento de Água, Coleta de Esgoto | B21: BDI PAD | C21: =CONCATENATE(A21,"-",B21) -> Construção de Redes de Abastecimento de Água, Coleta de Esgoto-BDI PAD | E21: 0.2076 | F21: 0.2418 | G21: 0.2644 | I21: F | J21: Itens | R21: Siglas | S21: % Adotado | T21: Situação | W21: 1º Quartil | X21: Médio | Y21: 3º Quartil
A22: Construção e Manutenção de Estações e Redes de Distribuição de Energia Elétrica | B22: AC | C22: =CONCATENATE(A22,"-",B22) -> Construção e Manutenção de Estações e Redes de Distribuição de Energia Elétrica-AC | E22: 0.0529 | F22: 0.0592 | G22: 0.0793 | I22: F
A23: =A22 -> Construção e Manutenção de Estações e Redes de Distribuição de Energia Elétrica | B23: SG | C23: =CONCATENATE(A23,"-",B23) -> Construção e Manutenção de Estações e Redes de Distribuição de Energia Elétrica-SG | E23: 0.0025 | F23: 0.0051 | G23: 0.0056 | I23: F | J23: =IF($L$17=$A$148,"Encargos Sociais incidentes sobre a mão de obra","Administração Central") -> Administração Central | R23: =IF($L17=$A$148,"K1","AC") -> AC | T23: - | W23: =VLOOKUP(CONCATENATE(L17,"-",R23),$C$3:$G$138,3,FALSE) -> 0.038 | X23: =VLOOKUP(CONCATENATE(L17,"-",R23),$C$3:$G$138,4,FALSE) -> 0.0401 | Y23: =VLOOKUP(CONCATENATE(L17,"-",R23),$C$3:$G$138,5,FALSE) -> 0.0467
A24: =A23 -> Construção e Manutenção de Estações e Redes de Distribuição de Energia Elétrica | B24: R | C24: =CONCATENATE(A24,"-",B24) -> Construção e Manutenção de Estações e Redes de Distribuição de Energia Elétrica-R | E24: 0.01 | F24: 0.0148 | G24: 0.0197 | I24: F | J24: =IF($L$17=$A$148,"Administração Central da empresa ou consultoria - overhead","Seguro e Garantia") -> Seguro e Garantia | R24: =IF($L17=$A$148,"K2","SG") -> SG | T24: - | W24: =VLOOKUP(CONCATENATE(L17,"-",R24),$C$3:$G$138,3,FALSE) -> 0.0032 | X24: =VLOOKUP(CONCATENATE(L17,"-",R24),$C$3:$G$138,4,FALSE) -> 0.004 | Y24: =VLOOKUP(CONCATENATE(L17,"-",R24),$C$3:$G$138,5,FALSE) -> 0.0074
A25: =A24 -> Construção e Manutenção de Estações e Redes de Distribuição de Energia Elétrica | B25: DF | C25: =CONCATENATE(A25,"-",B25) -> Construção e Manutenção de Estações e Redes de Distribuição de Energia Elétrica-DF | E25: 0.0101 | F25: 0.0107 | G25: 0.0111 | I25: F | J25: =IF($L$17=$A$148,"","Risco") -> Risco | R25: =IF($L17=$A$148,"","R") -> R | T25: - | W25: =VLOOKUP(CONCATENATE(L17,"-",R25),$C$3:$G$138,3,FALSE) -> 0.005 | X25: =VLOOKUP(CONCATENATE(L17,"-",R25),$C$3:$G$138,4,FALSE) -> 0.0056 | Y25: =VLOOKUP(CONCATENATE(L17,"-",R25),$C$3:$G$138,5,FALSE) -> 0.0097
A26: =A25 -> Construção e Manutenção de Estações e Redes de Distribuição de Energia Elétrica | B26: L | C26: =CONCATENATE(A26,"-",B26) -> Construção e Manutenção de Estações e Redes de Distribuição de Energia Elétrica-L | E26: 0.08 | F26: 0.0831 | G26: 0.0951 | I26: F | J26: =IF($L$17=$A$148,"","Despesas Financeiras") -> Despesas Financeiras | R26: =IF($L17=$A$148,"","DF") -> DF | T26: - | W26: =VLOOKUP(CONCATENATE(L17,"-",R26),$C$3:$G$138,3,FALSE) -> 0.0102 | X26: =VLOOKUP(CONCATENATE(L17,"-",R26),$C$3:$G$138,4,FALSE) -> 0.0111 | Y26: =VLOOKUP(CONCATENATE(L17,"-",R26),$C$3:$G$138,5,FALSE) -> 0.0121
A27: =A26 -> Construção e Manutenção de Estações e Redes de Distribuição de Energia Elétrica | B27: BDI PAD | C27: =CONCATENATE(A27,"-",B27) -> Construção e Manutenção de Estações e Redes de Distribuição de Energia Elétrica-BDI PAD | E27: 0.24 | F27: 0.2584 | G27: 0.2786 | I27: F | J27: =IF($L$17=$A$148,"Margem bruta da empresa de consultoria","Lucro") -> Lucro | R27: =IF($L17=$A$148,"K3","L") -> L | T27: - | W27: =VLOOKUP(CONCATENATE(L17,"-",R27),$C$3:$G$138,3,FALSE) -> 0.0664 | X27: =VLOOKUP(CONCATENATE(L17,"-",R27),$C$3:$G$138,4,FALSE) -> 0.073 | Y27: =VLOOKUP(CONCATENATE(L17,"-",R27),$C$3:$G$138,5,FALSE) -> 0.0869
A28: Obras Portuárias, Marítimas e Fluviais | B28: AC | C28: =CONCATENATE(A28,"-",B28) -> Obras Portuárias, Marítimas e Fluviais-AC | E28: 0.04 | F28: 0.0552 | G28: 0.0785 | I28: F | J28: Tributos (impostos COFINS 3%, e PIS 0,65%) | R28: CP | S28: 0.0365 | T28: - | W28: 0.0365 | X28: 0.0365 | Y28: 0.0365
A29: =A28 -> Obras Portuárias, Marítimas e Fluviais | B29: SG | C29: =CONCATENATE(A29,"-",B29) -> Obras Portuárias, Marítimas e Fluviais-SG | E29: 0.0081 | F29: 0.0122 | G29: 0.0199 | I29: F | J29: Tributos (ISS, variável de acordo com o município) | R29: ISS | S29: =IF(AND($L17<>$A$147,COUNTA(OFFSET(S22,1,0,6))>0),$X$13*$X$12,0) -> 0 | T29: - | W29: 0 | X29: 0.025 | Y29: 0.05
A30: =A29 -> Obras Portuárias, Marítimas e Fluviais | B30: R | C30: =CONCATENATE(A30,"-",B30) -> Obras Portuárias, Marítimas e Fluviais-R | E30: 0.0146 | F30: 0.0232 | G30: 0.0316 | I30: F | J30: Tributos (Contribuição Previdenciária sobre a Receita Bruta - 0% ou 4,5% - Desoneração) | R30: CPRB | S30: =IF(P31="SEM",0,IF(AND($L17<>$A$147,COUNTA(OFFSET(S22,1,0,6))>0),4.5%,0%)) -> 0.045 | T30: - | W30: 0 | X30: 0.045 | Y30: 0.045
A31: =A30 -> Obras Portuárias, Marítimas e Fluviais | B31: DF | C31: =CONCATENATE(A31,"-",B31) -> Obras Portuárias, Marítimas e Fluviais-DF | E31: 0.0094 | F31: 0.0102 | G31: 0.0133 | I31: F | J31: COM ou SEM desoneração: | R31: BDI PAD | S31: =IF(P31="SEM",ROUND((((1+S23+S24+S25)*(1+S26)*(1+S27)/(1-(S28+S29)))-1),4),IF(P31="COM",ROUND((((1+S23+S24+S25)*(1+S26)*(1+S27)/(1-(S28+S29+S30)))-1),4))) -> FALSE | T31: =IF(OR($L$17=$A$148,$L$17=$A$147,AND(A81>=W31,A81<=Y31)),"OK","FORA DO INTERVALO") -> FORA DO INTERVALO | W31: =IF($L17=$A$147,0,VLOOKUP(CONCATENATE($L17,"-",$R31),$C$3:$G$138,3,FALSE)) -> 0.196 | X31: =IF($L17=$A$147,0,VLOOKUP(CONCATENATE($L17,"-",$R31),$C$3:$G$138,4,FALSE)) -> 0.2097 | Y31: =IF($L17=$A$147,0,VLOOKUP(CONCATENATE($L17,"-",$R31),$C$3:$G$138,5,FALSE)) -> 0.2423
A32: =A31 -> Obras Portuárias, Marítimas e Fluviais | B32: L | C32: =CONCATENATE(A32,"-",B32) -> Obras Portuárias, Marítimas e Fluviais-L | E32: 0.0714 | F32: 0.084 | G32: 0.1043 | I32: F
A33: =A32 -> Obras Portuárias, Marítimas e Fluviais | B33: BDI PAD | C33: =CONCATENATE(A33,"-",B33) -> Obras Portuárias, Marítimas e Fluviais-BDI PAD | E33: 0.228 | F33: 0.2748 | G33: 0.3095 | I33: F
A34: Fornecimento de Materiais e Equipamentos (aquisição indireta - em conjunto com licitação de obras) | B34: AC | C34: =CONCATENATE(A34,"-",B34) -> Fornecimento de Materiais e Equipamentos (aquisição indireta - em conjunto com licitação de obras)-AC | E34: 0.015 | F34: 0.0345 | G34: 0.0449 | I34: F | J34: * O convenete deve preencher apenas os campos destacados
A35: =A34 -> Fornecimento de Materiais e Equipamentos (aquisição indireta - em conjunto com licitação de obras) | B35: SG | C35: =CONCATENATE(A35,"-",B35) -> Fornecimento de Materiais e Equipamentos (aquisição indireta - em conjunto com licitação de obras)-SG | E35: 0.003 | F35: 0.0048 | G35: 0.0082 | I35: F
A36: =A35 -> Fornecimento de Materiais e Equipamentos (aquisição indireta - em conjunto com licitação de obras) | B36: R | C36: =CONCATENATE(A36,"-",B36) -> Fornecimento de Materiais e Equipamentos (aquisição indireta - em conjunto com licitação de obras)-R | E36: 0.0056 | F36: 0.0085 | G36: 0.0089 | I36: F | J36: Os valores de BDI foram calculados com o emprego da fórmula:
A37: =A36 -> Fornecimento de Materiais e Equipamentos (aquisição indireta - em conjunto com licitação de obras) | B37: DF | C37: =CONCATENATE(A37,"-",B37) -> Fornecimento de Materiais e Equipamentos (aquisição indireta - em conjunto com licitação de obras)-DF | E37: 0.0085 | F37: 0.0085 | G37: 0.0111 | I37: F | N37: BDI= | O37: =IF($L17=$A$148,"(1+K1+K2)*(1+K3)","(1+AC + S + R + G)*(1 + DF)*(1+L)") -> (1+AC + S + R + G)*(1 + DF)*(1+L) | R37: -1
A38: =A37 -> Fornecimento de Materiais e Equipamentos (aquisição indireta - em conjunto com licitação de obras) | B38: L | C38: =CONCATENATE(A38,"-",B38) -> Fornecimento de Materiais e Equipamentos (aquisição indireta - em conjunto com licitação de obras)-L | E38: 0.035 | F38: 0.0511 | G38: 0.0622 | I38: F | P38: (1-CP-ISS-CRPB)
A39: =A38 -> Fornecimento de Materiais e Equipamentos (aquisição indireta - em conjunto com licitação de obras) | B39: BDI PAD | C39: =CONCATENATE(A39,"-",B39) -> Fornecimento de Materiais e Equipamentos (aquisição indireta - em conjunto com licitação de obras)-BDI PAD | E39: 0.111 | F39: 0.1402 | G39: 0.168 | I39: F
A40: Fornecimento de Materiais e Equipamentos (aquisição direta) | B40: AC | C40: =CONCATENATE(A40,"-",B40) -> Fornecimento de Materiais e Equipamentos (aquisição direta)-AC | E40: - | F40: - | G40: - | I40: F | J40: =CONCATENATE("Declaro para os devidos fins que, conforme legislação tributária municipal, a base de cálculo deste tipo de obra corresponde à ",$X$12*100,"%, com a respectiva alíquota de ",$X$13*100,"%.") -> Declaro para os devidos fins que, conforme legislação tributária municipal, a base de cálculo deste tipo de obra corresponde à 0%, com a respectiva alíquota de 0%.
A41: Fornecimento de Materiais e Equipamentos (aquisição direta) | B41: SG | C41: =CONCATENATE(A41,"-",B41) -> Fornecimento de Materiais e Equipamentos (aquisição direta)-SG | E41: - | F41: - | G41: - | I41: F | J41: =CONCATENATE("Declaro para os devidos fins que o regime de Contribuição Previdenciária sobre a Receita Bruta adotado para elaboração do orçamento foi ",IF(P31="COM","COM","SEM")," Desoneração, e que esta é a alternativa mais adequada para a Administração Pública.") -> Declaro para os devidos fins que o regime de Contribuição Previdenciária sobre a Receita Bruta adotado para elaboração do orçamento foi SEM Desoneração, e que esta é a alternativa mais adequada para a Administração Pública.
A42: Fornecimento de Materiais e Equipamentos (aquisição direta) | B42: R | C42: =CONCATENATE(A42,"-",B42) -> Fornecimento de Materiais e Equipamentos (aquisição direta)-R | E42: - | F42: - | G42: - | I42: F
A43: Fornecimento de Materiais e Equipamentos (aquisição direta) | B43: DF | C43: =CONCATENATE(A43,"-",B43) -> Fornecimento de Materiais e Equipamentos (aquisição direta)-DF | E43: - | F43: - | G43: - | I43: F
A44: Fornecimento de Materiais e Equipamentos (aquisição direta) | B44: L | C44: =CONCATENATE(A44,"-",B44) -> Fornecimento de Materiais e Equipamentos (aquisição direta)-L | E44: - | F44: - | G44: - | I44: F
A45: Fornecimento de Materiais e Equipamentos (aquisição direta) | B45: BDI PAD | C45: =CONCATENATE(A45,"-",B45) -> Fornecimento de Materiais e Equipamentos (aquisição direta)-BDI PAD | E45: - | F45: - | G45: - | I45: F
A46: Estudos e Projetos, Planos e Gerenciamento e outros correlatos | B46: K1 | C46: =CONCATENATE(A46,"-",B46) -> Estudos e Projetos, Planos e Gerenciamento e outros correlatos-K1 | E46: - | F46: - | G46: - | I46: F
A47: =A46 -> Estudos e Projetos, Planos e Gerenciamento e outros correlatos | B47: K2 | C47: =CONCATENATE(A47,"-",B47) -> Estudos e Projetos, Planos e Gerenciamento e outros correlatos-K2 | E47: - | F47: 0.2 | G47: - | I47: F
A48: =A47 -> Estudos e Projetos, Planos e Gerenciamento e outros correlatos | C48: =CONCATENATE(A48,"-",B48) -> Estudos e Projetos, Planos e Gerenciamento e outros correlatos- | E48: - | F48: - | G48: - | I48: F
A49: =A48 -> Estudos e Projetos, Planos e Gerenciamento e outros correlatos | C49: =CONCATENATE(A49,"-",B49) -> Estudos e Projetos, Planos e Gerenciamento e outros correlatos- | E49: - | F49: - | G49: - | I49: F
A50: =A49 -> Estudos e Projetos, Planos e Gerenciamento e outros correlatos | B50: K3 | C50: =CONCATENATE(A50,"-",B50) -> Estudos e Projetos, Planos e Gerenciamento e outros correlatos-K3 | E50: - | F50: 0.12 | G50: - | I50: F
A51: =A50 -> Estudos e Projetos, Planos e Gerenciamento e outros correlatos | B51: BDI PAD | C51: =CONCATENATE(A51,"-",B51) -> Estudos e Projetos, Planos e Gerenciamento e outros correlatos-BDI PAD | E51: - | F51: - | G51: - | I51: F
I52: F
I53: F
I54: F
I55: F
I56: =IF($S$70=0,"","F")
I57: =IF($S$70=0,"","F")
I58: =IF($S$70=0,"","F")
I59: =IF($S$70=0,"","F")
I60: =IF($S$70=0,"","F")
I61: =IF($S$70=0,"","F")
I62: =IF($S$70=0,"","F")
I63: =IF($S$70=0,"","F")
I64: =IF($S$70=0,"","F")
I65: =IF($S$70=0,"","F")
I66: =IF($S$70=0,"","F")
I67: =IF($S$70=0,"","F")
... I80: =IF($S$70=0,"","F")
A81: =ROUND((((1+S23+S24+S25)*(1+S26)*(1+S27)/(1-(S28+S29)))-1),4) -> 0.0379 | I81: =IF($S$70=0,"","F")
I82: =IF($S$70=0,"","F")
I83: =IF($S$70=0,"","F")
I84: =IF($S$70=0,"","F")
I85: =IF($S$70=0,"","F")
I86: =IF($S$70=0,"","F")
I87: =IF($S$70=0,"","F")
I88: =IF($S$70=0,"","F")
I89: =IF($S$70=0,"","F")
I90: =IF($S$70=0,"","F")
I91: =IF($S$70=0,"","F")
I92: =IF($S$70=0,"","F")
I93: =IF($S$70=0,"","F")
... I95: =IF($S$70=0,"","F")
I96: =IF($S$110=0,"","F")
I97: =IF($S$110=0,"","F")
I98: =IF($S$110=0,"","F")
I99: =IF($S$110=0,"","F")
I100: =IF($S$110=0,"","F")
I101: =IF($S$110=0,"","F")
I102: =IF($S$110=0,"","F")
I103: =IF($S$110=0,"","F")
I104: =IF($S$110=0,"","F")
I105: =IF($S$110=0,"","F")
I106: =IF($S$110=0,"","F")
I107: =IF($S$110=0,"","F")
... I129: =IF($S$110=0,"","F")
A130: (SELECIONAR) | I130: =IF($S$110=0,"","F")
A131: COM | I131: =IF($S$110=0,"","F")
A132: SEM | I132: =IF($S$110=0,"","F")
I133: =IF($S$110=0,"","F")
I134: =IF($S$110=0,"","F")
A140: (SELECIONAR)
...

Sheet ANEXO VII
A5: ANEXO VII - CRONOGRAMA FÍSICO-FINANCEIRO
A6: PREFEITURA: PREFEITURA MUNICIPAL DE SANTANA DO PARAÍSO | D6: VALOR DO CONVÊNIO: R$250.000,00 | F6: DATA: 09/12/2025
A7: OBRA: RECAPEAMENTO RUA CEDRINHO | D7: LOCAL: RUA CEDRINHO, BAIRRO JARDIM VITÓRIA, SANTANA DO PARAÍSO-MG. | F7: PRAZO DA OBRA: 01 MÊS
A8: ITEM | B8: CÓDIGO | C8: ETAPAS/DESCRIÇÃO | D8: FÍSICO/ FINANCEIRO | E8: TOTAL ETAPAS | F8: MÊS 01
A9: 1 | C9: =VLOOKUP(A9,'ANEXO V'!$A$13:$I$45,4,FALSE) -> ADMINISTRAÇÃO LOCAL - RUA CEDRINHO
A11: 2 | C11: =VLOOKUP(A11,'ANEXO V'!$A$13:$I$45,4,FALSE) -> INSTALAÇÕES INICIAIS DA OBRA - RUA CEDRINHO
A13: 3 | C13: =VLOOKUP(A13,'ANEXO V'!$A$13:$I$45,4,FALSE) -> REMOÇÃO E FRESAGEM DE PAVIMENTO DANIFICADO - RUA CEDRINHO
A15: 4 | C15: =VLOOKUP(A15,'ANEXO V'!$A$13:$I$45,4,FALSE) -> RECOMPOSIÇÃO E RECAPEAMENTO CAMADA ASFALTICA - RUA CEDRINHO
A17: 5 | C17: =VLOOKUP(A17,'ANEXO V'!$A$13:$I$45,4,FALSE) -> SERVIÇOS FINAIS - RUA CEDRINHO
A19: TOTAL

Sheet MEMORIA DE CAL.
B1: 1 | C1: 2 | D1: 3 | E1: 4 | F1: 5 | G1: 6 | H1: 7 | I1: 8 | J1: 9 | K1: 10 | L1: 11
S3: MÊS 01
B4: MEMORIA DE CALCULO | S4: MÊS 02
S5: MÊS 03
B6: PREFEITURA: PREFEITURA MUNICIPAL DE SANTANA DO PARAÍSO | J6: FOLHA Nº: 1
B7: OBRA: RECAPEAMENTO RUA CEDRINHO | J7: DATA: 09/12/2025
B8: LOCAL: RUA CEDRINHO, BAIRRO JARDIM VITÓRIA, SANTANA DO PARAÍSO-MG. | I8: FORMA DE EXECUÇÃO:
B9: REGIÃO/MÊS DE REFERÊNCIA: SEINFRA JUL./2025 - REGIÃO LESTE S/ DESONERAÇÃO; SINAPI SETEMBRO/2025 - S/ DESONERAÇÃO; SICRO JULHO/2025. | I9: ( ) | J9: DIRETA | K9: ( X ) | L9: INDIRETA
B10: PRAZO DE EXECUÇÃO: 01 MESES | I10: LDI | L10: 0.2135
B12: ITEM | C12: FONTE | D12: CODIGO | E12: DESCRIÇÃO | F12: UNID. | G12: QTDE. | H12: DIMENSÕES | K12: CONS / ESP | L12: QUANTITATIVOS
H13: L | I13: C | J13: H | L13: PREVISTOS
B14: 1 | E14: ADMINISTRAÇÃO LOCAL
B15: 1.1 | C15: COMPOSIÇÃO | D15: CPU-001 | E15: ADMINISTRAÇÃO LOCAL DA OBRA | F15: UNID. | L15: =ROUND((SUBTOTAL(9,Tabela1533352586270828411016234[Coluna10])),4) -> 1
B16: Coluna1 | C16: Coluna2 | D16: Coluna3 | E16: Coluna4 | F16: Coluna5 | G16: Coluna6 | H16: Coluna7 | I16: Coluna8 | J16: Coluna9 | K16: Coluna15 | L16: Coluna10 | M16: Coluna11 | N16: Coluna12 | O16: Coluna13 | P16: Coluna14
B17: =$B$15 -> 1.1 | E17: Proporcional a medição | G17: 1 | L17: =ROUND((PRODUCT(G17:K17)),4) -> 1
B18: 2 | E18: INSTALAÇÕES INICIAIS DA OBRA
B19: 2.1 | C19: SEINFRA | D19: ED-28427 | E19: FORNECIMENTO E COLOCAÇÃO DE PLACA DE OBRA EM CHAPA GALVANIZADA #26, ESP. 0,45MM, DIMENSÃO (3X1,5)M, PLOTADA COM ADESIVO VINÍLICO, AFIXADA COM REBITES 4,8X40MM, EM ESTRUTURA METÁLICA DE METALON 20X20MM, ESP. 1,25MM, INCLUSIVE SUPORTE EM EUCALIPTO AUTOCLAVADO PINTADO COM TINTA PVA DUAS (2) DEMÃOS | F19: UN | L19: =ROUND((SUBTOTAL(9,Tabela136[Coluna10])),2) -> 1
B20: Coluna1 | C20: Coluna2 | D20: Coluna3 | E20: Coluna4 | F20: Coluna5 | G20: Coluna6 | H20: Coluna7 | I20: Coluna8 | J20: Coluna9 | K20: Coluna15 | L20: Coluna10 | M20: Coluna11 | N20: Coluna12 | O20: Coluna13 | P20: Coluna14
B21: 2.1 | E21: 01 PLACA COM AS INFORMAÇÕES DA OBRA. DIMENSÕES DA PLACA: 3X1,5 M TOTALIZANDO 4,5M². | G21: 1 | L21: =ROUND((PRODUCT(G21:K21)),2) -> 1
B22: 2.2 | C22: SEINFRA | D22: ED-50137 | E22: MOBILIZAÇÃO E DESMOBILIZAÇÃO DE CONTAINER, INCLUSIVE CARGA, DESCARGA E TRANSPORTE EM CAMINHÃO CARROCERIA COM GUINDAUTO (MUNCK), EXCLUSIVE LOCAÇÃO DO CONTAINER | F22: UN | L22: =ROUND((SUBTOTAL(9,Tabela131014[Coluna10])),2) -> 1
B23: Coluna1 | C23: Coluna2 | D23: Coluna3 | E23: Coluna4 | F23: Coluna5 | G23: Coluna6 | H23: Coluna7 | I23: Coluna8 | J23: Coluna9 | K23: Coluna15 | L23: Coluna10 | M23: Coluna11 | N23: Coluna12 | O23: Coluna13 | P23: Coluna14
B24: 2.2 | E24: MOBILIZAÇÃO | G24: 0.5 | L24: =ROUND((PRODUCT(G24:K24)),2) -> 0.5
B25: 2.2 | E25: DESMOBILIZAÇÃO | G25: 0.5 | L25: =ROUND((PRODUCT(G25:K25)),2) -> 0.5
B26: 2.3 | C26: SEINFRA | D26: ED-16358 | E26: LIGAÇÕES PROVISÓRIAS PARA CONTAINER TIPO 3 (CORRESPONDENTE AO CÓDIGO ED-16350) | F26: UN | L26: =ROUND((SUBTOTAL(9,Tabela141115[Coluna10])),2) -> 1
B27: Coluna1 | C27: Coluna2 | D27: Coluna3 | E27: Coluna4 | F27: Coluna5 | G27: Coluna6 | H27: Coluna7 | I27: Coluna8 | J27: Coluna9 | K27: Coluna15 | L27: Coluna10 | M27: Coluna11 | N27: Coluna12 | O27: Coluna13 | P27: Coluna14
B28: 2.3 | E28: LIGAÇÃO PROVISÓRIA CONFORME N° DE CONTAINER | G28: 1 | L28: =ROUND((PRODUCT(G28:K28)),2) -> 1
B29: 2.4 | C29: SEINFRA | D29: ED-16350 | E29: LOCAÇÃO DE CONTAINER COM ISOLAMENTO TÉRMICO, TIPO 3, PARA DEPÓSITO/FERRAMENTARIA DE OBRA, COM MEDIDAS REFERENCIAIS DE (6) METROS COMPRIMENTO, (2,3) METROS LARGURA E (2,5) METROS ALTURA ÚTIL INTERNA, INCLUSIVE LIGAÇÕES ELÉTRICAS INTERNAS, EXCLUSIVE MOBILIZAÇÃO/DESMOBILIZAÇÃO E LIGAÇÕES PROVISÓRIAS EXTERNAS | F29: MÊS | L29: =ROUND((SUBTOTAL(9,Tabela1310142[Coluna10])),2) -> 1
B30: Coluna1 | C30: Coluna2 | D30: Coluna3 | E30: Coluna4 | F30: Coluna5 | G30: Coluna6 | H30: Coluna7 | I30: Coluna8 | J30: Coluna9 | K30: Coluna15 | L30: Coluna10 | M30: Coluna11 | N30: Coluna12 | O30: Coluna13 | P30: Coluna14
B31: 2.4 | E31: LOCAÇÃO DE 01 CONTAINER CONFORME TEMPO DE OBRA - MÊS 01 | G31: 1 | L31: =ROUND((PRODUCT(G31:K31)),2) -> 1
B32: 2.5 | C32: SEINFRA | D32: ED-50155 | E32: LOCAÇÃO DE BANHEIRO QUÍMICO, DIMENSÃO (110X120X230)CM, LINHA PADRÃO, CONTENDO UMA (1) PIA/HIGIENIZADOR DE MÃOS, INCLUSIVE MANUTENÇÃO E MOBILIZAÇÃO/DESMOBILIZAÇÃO | F32: MÊS | L32: =ROUND((SUBTOTAL(9,Tabela1310145[Coluna10])),2) -> 1
B33: Coluna1 | C33: Coluna2 | D33: Coluna3 | E33: Coluna4 | F33: Coluna5 | G33: Coluna6 | H33: Coluna7 | I33: Coluna8 | J33: Coluna9 | K33: Coluna15 | L33: Coluna10 | M33: Coluna11 | N33: Coluna12 | O33: Coluna13 | P33: Coluna14
B34: 2.5 | E34: LOCAÇÃO DE 01 BANHEIRO QUÍMICO CONFORME TEMPO DE OBRA - MÊS 01 | G34: 1 | L34: =ROUND((PRODUCT(G34:K34)),2) -> 1
B35: 3 | E35: MOVIMENTAÇÃO DE TERRA E REMOÇÃO DO CALÇAMENTO EXISTENTE - RUA JOÃO ALVES NOGUEIRA
B36: 3.1 | C36: SEINFRA | D36: ED-51104 | E36: ESCAVAÇÃO MECÂNICA HORIZONTAL, COM TRATOR DE ESTEIRA, EM MATERIAL DE 2ª CATEGORIA, INCLUSIVE AFASTAMENTO E EMPILHAMENTO COM DISTÂNCIA MÁXIMA DE ATÉ CINQUENTA (50) METROS, EXCLUSIVE CARGA, TRANSPORTE E DESGARGA | F36: M3 | L36: =ROUND((SUBTOTAL(9,Tabela13[Coluna10])),2) -> 33.74
B37: Coluna1 | C37: Coluna2 | D37: Coluna3 | E37: Coluna4 | F37: Coluna5 | G37: M2 | H37: Coluna7 | I37: Coluna8 | J37: H | K37: Coluna15 | L37: Coluna10 | M37: Coluna11 | N37: Coluna12 | O37: Coluna13 | P37: Coluna14
B38: 3.1 | E38: DEMOLIÇÃO DE PAVIMENTO ASFÁLTICO EM ÁREA CONFORME HACHURA EM PROJETO
B39: 3.1 | E39: TRECHO 2 | G39: 121.9 | J39: 0.05 | L39: =ROUND((PRODUCT(G39:K39)),2) -> 6.1
B40: 3.1 | E40: TRECHO 4 | G40: 318.59 | J40: 0.05 | L40: =ROUND((PRODUCT(G40:K40)),2) -> 15.93
B41: 3.1 | E41: TRECHO 6 | G41: 31.91 | J41: 0.05 | L41: =ROUND((PRODUCT(G41:K41)),2) -> 1.6
B42: 3.1 | E42: TRECHO 8 | G42: 202.15 | J42: 0.05 | L42: =ROUND((PRODUCT(G42:K42)),2) -> 10.11
B43: 3.2 | C43: SEINFRA | D43: ED-51103 | E43: ESCAVAÇÃO MECÂNICA HORIZONTAL, COM TRATOR DE ESTEIRA, EM MATERIAL DE 1ª CATEGORIA, INCLUSIVE AFASTAMENTO E EMPILHAMENTO COM DISTÂNCIA MÁXIMA DE ATÉ CINQUENTA (50) METROS, EXCLUSIVE CARGA, TRANSPORTE E DESGARGA | F43: M3 | L43: =ROUND((SUBTOTAL(9,Tabela132[Coluna10])),2) -> 134.91
A44: =UPPER(A43) | B44: Coluna1 | C44: Coluna2 | D44: Coluna3 | E44: Coluna4 | F44: Coluna5 | G44: M2 | H44: Coluna7 | I44: Coluna8 | J44: H | K44: Coluna15 | L44: Coluna10 | M44: Coluna11 | N44: Coluna12 | O44: Coluna13 | P44: Coluna14 | Q44: =UPPER(Q43) | R44: =UPPER(R43) | S44: =UPPER(S43) | T44: =UPPER(T43) | U44: =UPPER(U43) | V44: =UPPER(V43) | W44: =UPPER(W43) | X44: =UPPER(X43) | ... XFD44: =UPPER(XFD43)
B45: =$B$43 -> 3.2 | E45: ESCAVAÇÃO PARA RECOMPOSIÇÃO DE BASE EM ÁREA CONFORME HACHURA EM PROJETO.
B46: =$B$43 -> 3.2 | E46: TRECHO 2 | G46: 121.9 | J46: 0.2 | L46: =ROUND((PRODUCT(G46:K46)),2) -> 24.38
B47: =$B$43 -> 3.2 | E47: TRECHO 4 | G47: 318.59 | J47: 0.2 | L47: =ROUND((PRODUCT(G47:K47)),2) -> 63.72
B48: =$B$43 -> 3.2 | E48: TRECHO 6 | G48: 31.91 | J48: 0.2 | L48: =ROUND((PRODUCT(G48:K48)),2) -> 6.38
B49: =$B$43 -> 3.2 | E49: TRECHO 8 | G49: 202.15 | J49: 0.2 | L49: =ROUND((PRODUCT(G49:K49)),2) -> 40.43
B50: 3.3 | C50: SEINFRA | D50: ED-48507 | E50: DEMOLIÇÃO MANUAL DE SARJETA OU SARJETÃO DE CONCRETO, INCLUSIVE AFASTAMENTO E EMPILHAMENTO, EXCLUSIVE TRANSPORTE E RETIRADA DO MATERIAL DEMOLIDO | F50: M | L50: =ROUND((SUBTOTAL(9,Tabela1349555660616367686970110[Coluna10])),2) -> 154.87
B51: Coluna1 | C51: Coluna2 | D51: Coluna3 | E51: Coluna4 | F51: Coluna5 | G51: Coluna6 | H51: Coluna7 | I51: Coluna8 | J51: Coluna9 | K51: Coluna15 | L51: Coluna10 | M51: Coluna11 | N51: Coluna12 | O51: Coluna13 | P51: Coluna14
B52: =$B$50 -> 3.3 | E52: REMOÇÃO DE MEIO FIO DANIFICADOS | M52: =UPPER(M51) -> COLUNA11 | N52: =UPPER(N51) -> COLUNA12 | O52: =UPPER(O51) -> COLUNA13 | P52: =UPPER(P51) -> COLUNA14
B53: =$B$50 -> 3.3 | E53: BORDO INTERNO - 3,00+6,20+4,80+1,20+8,20+3,00+5,50= 31,90m | I53: =3+6.2+4.8+1.2+8.2+3+5.5 -> 31.9 | L53: =ROUND((PRODUCT(G53:K53)),2) -> 31.9
B54: =$B$50 -> 3.3 | E54: BORDO EXTERNO - 8,00+3,50+3,50+30,60+17,07+5,02+14,00+14,34+6,85+6,60+13,49 = 122,97m | I54: =8+3.5+3.5+30.6+17.07+5.02+14+14.34+6.85+6.6+13.49 -> 122.97 | L54: =ROUND((PRODUCT(G54:K54)),2) -> 122.97
B55: 3.4 | C55: SINAPI | D55: 96001 | E55: FRESAGEM DE PAVIMENTO ASFÁLTICO (PROFUNDIDADE ATÉ 5,0 CM) - EXCLUSIVE TRANSPORTE. AF_11/2019 | F55: M2 | L55: =ROUND((SUBTOTAL(9,Tabela13495556606163676869701103[Coluna10])),2) -> 1595.95
B56: Coluna1 | C56: Coluna2 | D56: Coluna3 | E56: Coluna4 | F56: Coluna5 | G56: Coluna6 | H56: Coluna7 | I56: Coluna8 | J56: Coluna9 | K56: Coluna15 | L56: Coluna10 | M56: Coluna11 | N56: Coluna12 | O56: Coluna13 | P56: Coluna14
B57: 3.4 | E57: FRESAGEM PAVIMENTO EXISTENTE | G57: ÁREA (m²) | M57: =UPPER(M56) -> COLUNA11 | N57: =UPPER(N56) -> COLUNA12 | O57: =UPPER(O56) -> COLUNA13 | P57: =UPPER(P56) -> COLUNA14
B58: 3.4 | E58: TRECHO 1 | G58: 1322.87 | L58: =ROUND((PRODUCT(G58:K58)),2) -> 1322.87
B59: 3.4 | E59: TRECHO 3 | G59: 41.03 | L59: =ROUND((PRODUCT(G59:K59)),2) -> 41.03
B60: 3.4 | E60: TRECHO 5 | G60: 176.53 | L60: =ROUND((PRODUCT(G60:K60)),2) -> 176.53
B61: 3.4 | E61: TRECHO 7 | G61: 55.52 | L61: =ROUND((PRODUCT(G61:K61)),2) -> 55.52
B62: 3.5 | C62: SEINFRA | D62: ED-51132 | E62: CARGA MECÂNICA DE MATERIAL DE QUALQUER NATUREZA SOBRE CAMINHÃO, EXCLUSIVE TRANSPORTE | F62: M3 | L62: =ROUND((SUBTOTAL(9,Tabela117[Coluna11])),2) -> 255.42
B63: Coluna1 | C63: Coluna2 | D63: Coluna3 | E63: Coluna4 | F63: Coluna5 | G63: Coluna6 | H63: Coluna7 | I63: Coluna8 | J63: Coluna9 | K63: Coluna10 | L63: Coluna11 | M63: Coluna12 | N63: Coluna13 | O63: Coluna14 | P63: Coluna15
B64: 3.5 | E64: CARGA DE MATERIAL PROVENIENTE DA DEMOLIÇÃO ASFALTICA, ESCAVAÇÃO P/ RECOMPOSIÇÃO BASE E RETIRADA DE MEIO-FIODANIFICADO. | G64: ÁREA (m²) | H64: L | I64: C | J64: H médio
B65: 3.5 | E65: DEMOLIÇÃO DE PAVIMENTO ASFÁLTICO EM ÁREA CONFORME HACHURA EM PROJETO
B66: 3.5 | E66: TRECHO 2 | G66: 121.9 | J66: 0.05 | L66: =ROUND((PRODUCT(G66:K66)),2) -> 6.1
B67: 3.5 | E67: TRECHO 4 | G67: 318.59 | J67: 0.05 | L67: =ROUND((PRODUCT(G67:K67)),2) -> 15.93
B68: 3.5 | E68: TRECHO 6 | G68: 31.91 | J68: 0.05 | L68: =ROUND((PRODUCT(G68:K68)),2) -> 1.6
B69: 3.5 | E69: TRECHO 8 | G69: 202.15 | J69: 0.05 | L69: =ROUND((PRODUCT(G69:K69)),2) -> 10.11
B70: 3.5 | E70: ESCAVAÇÃO PARA RECOMPOSIÇÃO DE BASE EM ÁREA CONFORME HACHURA EM PROJETO.
B71: 3.5 | E71: TRECHO 2 | G71: 121.9 | J71: 0.2 | L71: =ROUND((PRODUCT(G71:K71)),2) -> 24.38
B72: 3.5 | E72: TRECHO 4 | G72: 318.59 | J72: 0.2 | L72: =ROUND((PRODUCT(G72:K72)),2) -> 63.72
B73: 3.5 | E73: TRECHO 6 | G73: 31.91 | J73: 0.2 | L73: =ROUND((PRODUCT(G73:K73)),2) -> 6.38
B74: 3.5 | E74: TRECHO 8 | G74: 202.15 | J74: 0.2 | L74: =ROUND((PRODUCT(G74:K74)),2) -> 40.43
B75: 3.5 | E75: REMOÇÃO DE MEIO FIO DANIFICADOS
B76: 3.5 | E76: BORDO INTERNO - 3,00+6,20+4,80+1,20+8,20+3,00+5,50= 31,90m | H76: 0.15 | I76: =3+6.2+4.8+1.2+8.2+3+5.5 -> 31.9 | J76: 0.3 | L76: =ROUND((PRODUCT(G76:K76)),2) -> 1.44
B77: 3.5 | E77: BORDO EXTERNO - 8,00+3,50+3,50+30,60+17,07+5,02+14,00+14,34+6,85+6,60+13,49 = 122,97m | H77: 0.15 | I77: =8+3.5+3.5+30.6+17.07+5.02+14+14.34+6.85+6.6+13.49 -> 122.97 | J77: 0.3 | L77: =ROUND((PRODUCT(G77:K77)),2) -> 5.53
B78: 3.5 | E78: FRESAGEM PAVIMENTO EXISTENTE
B79: 3.5 | E79: TRECHO 1 | G79: 1322.87 | J79: 0.05 | L79: =ROUND((PRODUCT(G79:K79)),2) -> 66.14
B80: 3.5 | E80: TRECHO 3 | G80: 41.03 | J80: 0.05 | L80: =ROUND((PRODUCT(G80:K80)),2) -> 2.05
B81: 3.5 | E81: TRECHO 5 | G81: 176.53 | J81: 0.05 | L81: =ROUND((PRODUCT(G81:K81)),2) -> 8.83
B82: 3.5 | E82: TRECHO 7 | G82: 55.52 | J82: 0.05 | L82: =ROUND((PRODUCT(G82:K82)),2) -> 2.78
B83: 3.6 | C83: SINAPI | D83: 95875 | E83: TRANSPORTE COM CAMINHÃO BASCULANTE DE 10 M³, EM VIA URBANA PAVIMENTADA, DMT ATÉ 30 KM (UNIDADE: M3XKM). AF_07/2020 | F83: M3XKM | L83: =ROUND((SUBTOTAL(9,Tabela157192331[Coluna10])),2) -> 1123.78
B84: Coluna1 | C84: Coluna2 | D84: Coluna3 | E84: Coluna4 | F84: Coluna5 | G84: Coluna6 | H84: Coluna7 | I84: Coluna8 | J84: Coluna9 | K84: Coluna15 | L84: Coluna10 | M84: Coluna11 | N84: Coluna12 | O84: Coluna13 | P84: Coluna14
B85: 3.6 | E85: CARGA DE MATERIAL PROVENIENTE DA DEMOLIÇÃO ASFALTICA, ESCAVAÇÃO P/ RECOMPOSIÇÃO BASE E RETIRADA DE MEIO-FIO DANIFICADO. | G85: ÁREA (m²) | H85: L | I85: C | J85: H médio | K85: DMT (km)
B86: 3.6 | E86: DEMOLIÇÃO DE PAVIMENTO ASFÁLTICO EM ÁREA CONFORME HACHURA EM PROJETO
B87: 3.6 | E87: TRECHO 2 | G87: 121.9 | J87: 0.05 | K87: 4.4 | L87: =ROUND((PRODUCT(G87:K87)),2) -> 26.82
B88: 3.6 | E88: TRECHO 4 | G88: 318.59 | J88: 0.05 | K88: 4.4 | L88: =ROUND((PRODUCT(G88:K88)),2) -> 70.09
B89: 3.6 | E89: TRECHO 6 | G89: 31.91 | J89: 0.05 | K89: 4.4 | L89: =ROUND((PRODUCT(G89:K89)),2) -> 7.02
B90: 3.6 | E90: TRECHO 8 | G90: 202.15 | J90: 0.05 | K90: 4.4 | L90: =ROUND((PRODUCT(G90:K90)),2) -> 44.47
B91: 3.6 | E91: ESCAVAÇÃO PARA RECOMPOSIÇÃO DE BASE EM ÁREA CONFORME HACHURA EM PROJETO.
B92: 3.6 | E92: TRECHO 2 | G92: 121.9 | J92: 0.2 | K92: 4.4 | L92: =ROUND((PRODUCT(G92:K92)),2) -> 107.27
B93: 3.6 | E93: TRECHO 4 | G93: 318.59 | J93: 0.2 | K93: 4.4 | L93: =ROUND((PRODUCT(G93:K93)),2) -> 280.36
B94: 3.6 | E94: TRECHO 6 | G94: 31.91 | J94: 0.2 | K94: 4.4 | L94: =ROUND((PRODUCT(G94:K94)),2) -> 28.08
B95: 3.6 | E95: TRECHO 8 | G95: 202.15 | J95: 0.2 | K95: 4.4 | L95: =ROUND((PRODUCT(G95:K95)),2) -> 177.89
B96: 3.6 | E96: REMOÇÃO DE MEIO FIO DANIFICADOS
B97: 3.6 | E97: BORDO INTERNO - 3,00+6,20+4,80+1,20+8,20+3,00+5,50= 31,90m | H97: 0.15 | I97: =3+6.2+4.8+1.2+8.2+3+5.5 -> 31.9 | J97: 0.3 | K97: 4.4 | L97: =ROUND((PRODUCT(G97:K97)),2) -> 6.32
B98: 3.6 | E98: BORDO EXTERNO - 8,00+3,50+3,50+30,60+17,07+5,02+14,00+14,34+6,85+6,60+13,49 = 122,97m | H98: 0.15 | I98: =8+3.5+3.5+30.6+17.07+5.02+14+14.34+6.85+6.6+13.49 -> 122.97 | J98: 0.3 | K98: 4.4 | L98: =ROUND((PRODUCT(G98:K98)),2) -> 24.35
B99: 3.6 | E99: FRESAGEM PAVIMENTO EXISTENTE
B100: 3.6 | E100: TRECHO 1 | G100: 1322.87 | J100: 0.05 | K100: 4.4 | L100: =ROUND((PRODUCT(G100:K100)),2) -> 291.03
B101: 3.6 | E101: TRECHO 3 | G101: 41.03 | J101: 0.05 | K101: 4.4 | L101: =ROUND((PRODUCT(G101:K101)),2) -> 9.03
B102: 3.6 | E102: TRECHO 5 | G102: 176.53 | J102: 0.05 | K102: 4.4 | L102: =ROUND((PRODUCT(G102:K102)),2) -> 38.84
...

Sheet BASE
A2: CPU-001 | B2: =VLOOKUP($A2,#REF!,2,FALSE) -> #REF! | C2: =VLOOKUP($A2,#REF!,3,FALSE) -> #REF! | D2: =VLOOKUP($A2,#REF!,6,FALSE) -> #REF! | E2: COMPOSIÇÃO
A3: CPU-002 | B3: =VLOOKUP($A3,#REF!,2,FALSE) -> #REF! | C3: =VLOOKUP($A3,#REF!,3,FALSE) -> #REF! | D3: =VLOOKUP($A3,#REF!,6,FALSE) -> #REF! | E3: COMPOSIÇÃO
A8: TABELA REFERENCIAL DE PREÇOS UNITÁRIOS PARA OBRAS DE EDIFICAÇÃO
A9: Região Leste - S/ Desoneração
A10: JULHO/2025
A13: CÓDIGO | B13: DESCRIÇÃO DO SERVIÇO | C13: UNIDADE | D13: CUSTO UNITÁRIO | E13: SEINFRA/MG
A14: 8663 | B14: SERVIÇOS PRELIMINARES | E14: SEINFRA/MG
A15: 8702 | B15: LIMPEZA DO TERRENO | E15: SEINFRA/MG
A16: ED-50701 | B16: CAPINA MANUAL DO TERRENO, EXCLUSIVE RASTELAMENTO E QUEIMA | C16: m2 | D16: 1.51 | E16: SEINFRA/MG
A17: ED-28163 | B17: DESTOCAMENTO E AFASTAMENTO DE REMANESCENTE ARBÓREO, INCLUSIVE TRANSPORTE COM RETIRADA DO MATERIAL DESTOCADO (EM CAÇAMBA) | C17: un | D17: 488.64 | E17: SEINFRA/MG
A18: ED-50703 | B18: LIMPEZA DE TERRENO, INCLUSIVE CAPINA, RASTELAMENTO COM AFASTAMENTO ATÉ VINTE (20) METROS E QUEIMA CONTROLADA | C18: m2 | D18: 2.68 | E18: SEINFRA/MG
A19: ED-8143 | B19: RASTELAMENTO DE ÁREA COM AFASTAMENTO DE ATÉ VINTE (20) METROS, EXCLUSIVE CAPINA OU ROÇADA MANUAL | C19: m2 | D19: 1.01 | E19: SEINFRA/MG
A20: ED-28162 | B20: ROÇADA MANUAL DE TERRENO COM ROÇADEIRA COSTAL, EXCLUSIVE RASTELAMENTO E QUEIMA | C20: m2 | D20: 0.3 | E20: SEINFRA/MG
A21: 8703 | B21: DESMATAMENTO E DESTOCAMENTO | E21: SEINFRA/MG
A22: ED-50702 | B22: DESMATAMENTO, DESTOCAMENTO E LIMPEZA, INCLUSIVE TRANSPORTE ATÉ CINQUENTA (50) METROS | C22: m2 | D22: 0.6 | E22: SEINFRA/MG
A23: 8704 | B23: SUPRESSÃO DE ÁRVORE | E23: SEINFRA/MG
A24: ED-50699 | B24: CORTE DE ÁRVORE COM MOTOSSERRA, DIÂMETRO DO TRONCO ACIMA DE TRINTA (30) CENTÍMETROS ATÉ CINQUENTA (50) CENTÍMETROS, EXCLUSIVE DESTOCAMENTO E AFASTAMENTO | C24: un | D24: 104.91 | E24: SEINFRA/MG
A25: ED-50697 | B25: CORTE DE ÁRVORE COM MOTOSSERRA, DIÂMETRO DO TRONCO DE QUINZE (15) CENTÍMETROS ATÉ TRINTA (30) CENTÍMETROS, EXCLUSIVE DESTOCAMENTO E AFASTAMENTO | C25: un | D25: 62.95 | E25: SEINFRA/MG
A26: 8706 | B26: REMOÇÃO DE TELHADO | E26: SEINFRA/MG
A27: ED-48438 | B27: REMOÇÃO DE CALHA EM CHAPA GALVANIZADA OU EM PVC, COM REAPROVEITAMENTO, INCLUSIVE AFASTAMENTO E EMPILHAMENTO, EXCLUSIVE TRANSPORTE E RETIRADA DO MATERIAL REMOVIDO NÃO REAPROVEITÁVEL | C27: m | D27: 5.26 | E27: SEINFRA/MG
A28: ED-48446 | B28: REMOÇÃO MANUAL DE CONDUTOR EM PVC OU METÁLICO, COM REAPROVEITAMENTO, INCLUSIVE AFASTAMENTO E EMPILHAMENTO, EXCLUSIVE TRANSPORTE E RETIRADA DO MATERIAL REMOVIDO NÃO REAPROVEITÁVEL | C28: m | D28: 6.3 | E28: SEINFRA/MG
A29: ED-48455 | B29: REMOÇÃO MANUAL DE ENGRADAMENTO PARA TELHA TIPO CALHA ESTRUTURAL EM FIBROCIMENTO, COM REAPROVEITAMENTO, INCLUSIVE AFASTAMENTO E EMPILHAMENTO, EXCLUSIVE TRANSPORTE E RETIRADA DO MATERIAL REMOVIDO NÃO REAPROVEITÁVEL | C29: m2 | D29: 12.68 | E29: SEINFRA/MG
A30: ED-48457 | B30: REMOÇÃO MANUAL DE ENGRADAMENTO PARA TELHA TIPO CERÂMICA OU CONCRETO, INCLUSIVE AFASTAMENTO E EMPILHAMENTO, EXCLUSIVE TRANSPORTE E RETIRADA DO MATERIAL REMOVIDO NÃO REAPROVEITÁVEL | C30: m2 | D30: 25.36 | E30: SEINFRA/MG
A31: ED-48454 | B31: REMOÇÃO MANUAL DE ENGRADAMENTO PARA TELHA TIPO METÁLICA, PVC OU FIBROCIMENTO, COM REAPROVEITAMENTO, INCLUSIVE AFASTAMENTO E EMPILHAMENTO, EXCLUSIVE TRANSPORTE E RETIRADA DO MATERIAL REMOVIDO NÃO REAPROVEITÁVEL | C31: m2 | D31: 16.9 | E31: SEINFRA/MG
A32: ED-48506 | B32: REMOÇÃO MANUAL DE RUFO METÁLICO, COM REAPROVEITAMENTO, INCLUSIVE AFASTAMENTO E EMPILHAMENTO, EXCLUSIVE TRANSPORTE E RETIRADA DO MATERIAL REMOVIDO NÃO REAPROVEITÁVEL | C32: m | D32: 7.72 | E32: SEINFRA/MG
A33: ED-48512 | B33: REMOÇÃO MANUAL DE TELHA EM FIBROCIMENTO, TIPO ONDULADA, COM REAPROVEITAMENTO, INCLUSIVE AFASTAMENTO E EMPILHAMENTO, EXCLUSIVE TRANSPORTE E RETIRADA DO MATERIAL REMOVIDO NÃO REAPROVEITÁVEL | C33: m2 | D33: 14.49 | E33: SEINFRA/MG
A34: ED-48514 | B34: REMOÇÃO MANUAL DE TELHA CERÂMICA, COM REAPROVEITAMENTO, INCLUSIVE AFASTAMENTO E EMPILHAMENTO, EXCLUSIVE TRANSPORTE E RETIRADA DO MATERIAL REMOVIDO NÃO REAPROVEITÁVEL | C34: m2 | D34: 27.29 | E34: SEINFRA/MG
A35: ED-48510 | B35: REMOÇÃO MANUAL DE TELHA EM FIBROCIMENTO, TIPO CALHA ESTRUTURAL, COM REAPROVEITAMENTO, INCLUSIVE IÇAMENTO, AFASTAMENTO E EMPILHAMENTO, EXCLUSIVE TRANSPORTE E RETIRADA DO MATERIAL REMOVIDO NÃO REAPROVEITÁVEL | C35: m2 | D35: 27.55 | E35: SEINFRA/MG
A36: ED-48509 | B36: REMOÇÃO MANUAL DE TELHA METÁLICA OU PVC, COM REAPROVEITAMENTO, INCLUSIVE AFASTAMENTO E EMPILHAMENTO, EXCLUSIVE TRANSPORTE E RETIRADA DO MATERIAL REMOVIDO NÃO REAPROVEITÁVEL | C36: m2 | D36: 10.14 | E36: SEINFRA/MG
A37: 8707 | B37: DEMOLIÇÃO E REMOÇÃO DE INSTALAÇÃO | E37: SEINFRA/MG
A38: ED-48500 | B38: DEMOLIÇÃO MANUAL DE TUBULAÇÕES EMBUTIDAS DE REDE (ÁGUA, ELÉTRICA, GASES, ETC.), INCLUSIVE RASGO EM ALVENARIA, REMOÇÃO DE ACESSÓRIOS DE FIXAÇÃO, AFASTAMENTO E EMPILHAMENTO, EXCLUSIVE TRANSPORTE E RETIRADA DO MATERIAL DEMOLIDO | C38: m | D38: 9.45 | E38: SEINFRA/MG
A39: ED-48466 | B39: REMOÇÃO MANUAL DE INTERFONE, COM REAPROVEITAMENTO, INCLUSIVE AFASTAMENTO E EMPILHAMENTO, EXCLUSIVE TRANSPORTE E RETIRADA DO MATERIAL REMOVIDO NÃO REAPROVEITÁVEL | C39: un | D39: 49.78 | E39: SEINFRA/MG
A40: ED-48468 | B40: REMOÇÃO MANUAL DE LUMINÁRIA COMERCIAL, EMBUTIDA OU SOBREPOR, COM REAPROVEITAMENTO, INCLUSIVE AFASTAMENTO E EMPILHAMENTO, EXCLUSIVE TRANSPORTE E RETIRADA DO MATERIAL REMOVIDO NÃO REAPROVEITÁVEL | C40: un | D40: 11.98 | E40: SEINFRA/MG
A41: ED-48469 | B41: REMOÇÃO MANUAL DE LUMINÁRIA COMPACTA (PLAFON, PAINEL LED, ETC.) EMBUTIDA OU SOBREPOR, COM REAPROVEITAMENTO, INCLUSIVE AFASTAMENTO E EMPILHAMENTO, EXCLUSIVE TRANSPORTE E RETIRADA DO MATERIAL REMOVIDO NÃO REAPROVEITÁVEL | C41: un | D41: 6.99 | E41: SEINFRA/MG
A42: ED-48499 | B42: REMOÇÃO MANUAL DE REDES DE DUTOS PARA CLIMATIZAÇÃO, INCLUSIVE AFASTAMENTO E EMPILHAMENTO, EXCLUSIVE TRANSPORTE E RETIRADA DO MATERIAL REMOVIDO NÃO REAPROVEITÁVEL | C42: m | D42: 10.5 | E42: SEINFRA/MG
A43: ED-48515 | B43: REMOÇÃO MANUAL DE TUBULAÇÕES EMBUTIDAS DE REDE (ÁGUA, ELÉTRICA, GASES, ETC.), COM REAPROVEITAMENTO, INCLUSIVE RASGO EM ALVENARIA, REMOÇÃO DE ACESSÓRIOS DE FIXAÇÃO, AFASTAMENTO E EMPILHAMENTO, EXCLUSIVE TRANSPORTE E RETIRADA DO MATERIAL REMOVIDO NÃO REAPROVEITÁVEL | C43: m | D43: 13.65 | E43: SEINFRA/MG
A44: 8708 | B44: DEMOLIÇÃO DE FORRO | E44: SEINFRA/MG
A45: ED-48463 | B45: DEMOLIÇÃO MANUAL DE FORRO DE CHAPA OU PLACA DE GESSO, INCLUSIVE DEMOLIÇÃO DA ESTRUTURA DE SUSTENTAÇÃO, AFASTAMENTO E EMPILHAMENTO, EXCLUSIVE TRANSPORTE E RETIRADA DO MATERIAL DEMOLIDO | C45: m2 | D45: 6.24 | E45: SEINFRA/MG
A46: 8709 | B46: REMOÇÃO DE FORRO | E46: SEINFRA/MG
A47: ED-48460 | B47: REMOÇÃO MANUAL DE FORRO DE PLACAS (GESSO, MINERAL, FIBRA, ISOPOR, COLMEIA, PVC, ETC.), COM REAPROVEITAMENTO, INCLUSIVE AFASTAMENTO E EMPILHAMENTO, EXCLUSIVE DEMOLIÇÃO DA ESTRUTURA DE SUSTENTAÇÃO, TRANSPORTE E RETIRADA DO MATERIAL REMOVIDO NÃO REAPROVEITÁVEL | C47: m2 | D47: 2.36 | E47: SEINFRA/MG
A48: ED-48459 | B48: REMOÇÃO MANUAL DE FORRO DE PLACAS (GESSO, MINERAL, FIBRA, ISOPOR, COLMEIA, PVC, ETC.), COM REAPROVEITAMENTO, INCLUSIVE DEMOLIÇÃO ESTRUTURA DE SUSTENTAÇÃO, AFASTAMENTO E EMPILHAMENTO, EXCLUSIVE TRANSPORTE E RETIRADA DO MATERIAL REMOVIDO NÃO REAPROVEITÁVEL | C48: m2 | D48: 7.09 | E48: SEINFRA/MG
A49: ED-48464 | B49: REMOÇÃO MANUAL DE FORRO DE TÁBUAS DE PINHO, COM REAPROVEITAMENTO, INCLUSIVE AFASTAMENTO E EMPILHAMENTO, EXCLUSIVE REMOÇÃO DA ESTRUTURA DE SUSTENTAÇÃO, TRANSPORTE E RETIRADA DO MATERIAL REMOVIDO NÃO REAPROVEITÁVEL | C49: m2 | D49: 11.13 | E49: SEINFRA/MG
A50: ED-28355 | B50: REMOÇÃO MANUAL ESTRUTURA OU TRAMA DE SUSTENTAÇÃO DE MADEIRA OU METÁLICA PARA FORRO, COM REAPROVEITAMENTO, INCLUSIVE AFASTAMENTO E EMPILHAMENTO, EXCLUSIVE TRANSPORTE E RETIRADA DO MATERIAL REMOVIDO NÃO REAPROVEITÁVEL | C50: m2 | D50: 4.73 | E50: SEINFRA/MG
A51: 8710 | B51: REMOÇÃO DE ESQUADRIA | E51: SEINFRA/MG
A52: ED-48496 | B52: REMOÇÃO MANUAL DE CONJUNTO DE ALIZARES, COM REAPROVEITAMENTO, INCLUSIVE AFASTAMENTO E EMPILHAMENTO, EXCLUSIVE TRANSPORTE E RETIRADA DO MATERIAL REMOVIDO NÃO REAPROVEITÁVEL | C52: cj | D52: 3.95 | E52: SEINFRA/MG
A53: ED-48458 | B53: REMOÇÃO MANUAL DE CONJUNTO DE FERRAGENS (DOBRADIÇAS, FECHADURA E MAÇANETAS), COM REAPROVEITAMENTO, INCLUSIVE AFASTAMENTO E EMPILHAMENTO, EXCLUSIVE TRANSPORTE E RETIRADA DO MATERIAL REMOVIDO NÃO REAPROVEITÁVEL | C53: un | D53: 24.13 | E53: SEINFRA/MG
A54: ED-48493 | B54: REMOÇÃO MANUAL DE ESQUADRIA EM MADEIRA, COM REAPROVEITAMENTO, INCLUSIVE REMOÇÃO DE MARCO/ALIZAR/GUARNIÇÕES, AFASTAMENTO E EMPILHAMENTO, EXCLUSIVE TRANSPORTE E RETIRADA DO MATERIAL REMOVIDO NÃO REAPROVEITÁVEL | C54: m2 | D54: 15.13 | E54: SEINFRA/MG
A55: ED-48497 | B55: REMOÇÃO MANUAL DE ESQUADRIA METÁLICA, COM REAPROVEITAMENTO, INCLUSIVE MARCO/ALIZAR/GUARNIÇÕES, AFASTAMENTO E EMPILHAMENTO, EXCLUSIVE TRANSPORTE E RETIRADA DO MATERIAL REMOVIDO NÃO REAPROVEITÁVEL | C55: m2 | D55: 21.01 | E55: SEINFRA/MG
A56: ED-48494 | B56: REMOÇÃO MANUAL DE FOLHA DE PORTA OU JANELA DE MADEIRA OU METÁLICA, COM REAPROVEITAMENTO, INCLUSIVE AFASTAMENTO E EMPILHAMENTO, EXCLUSIVE TRANSPORTE E RETIRADA DO MATERIAL REMOVIDO NÃO REAPROVEITÁVEL | C56: m2 | D56: 10.22 | E56: SEINFRA/MG
A57: ED-48495 | B57: REMOÇÃO MANUAL DE MARCO EM MADEIRA OU METÁLICO, COM REAPROVEITAMENTO, INCLUSIVE AFASTAMENTO E EMPILHAMENTO, EXCLUSIVE TRANSPORTE E RETIRADA DO MATERIAL REMOVIDO NÃO REAPROVEITÁVEL | C57: un | D57: 20.46 | E57: SEINFRA/MG
A58: 8711 | B58: DEMOLIÇÃO DE IMPERMEABILIZAÇÃO | E58: SEINFRA/MG
A59: ED-48465 | B59: DEMOLIÇÃO MANUAL DE IMPERMEABILIZAÇÃO E PROTEÇÃO MECÂNICA, INCLUSIVE AFASTAMENTO E EMPILHAMENTO, EXCLUSIVE TRANSPORTE E RETIRADA DO MATERIAL DEMOLIDO | C59: m2 | D59: 31.18 | E59: SEINFRA/MG
A60: 8712 | B60: REMOÇÃO DE LOUÇA E ACESSÓRIOS | E60: SEINFRA/MG
A61: ED-48467 | B61: REMOÇÃO DE LOUÇAS (LAVATÓRIO, BANHEIRA, PIA, VASO SANITÁRIO, TANQUE), COM REAPROVEITAMENTO, INCLUSIVE AFASTAMENTO E EMPILHAMENTO, EXCLUSIVE TRANSPORTE E RETIRADA DO MATERIAL REMOVIDO NÃO REAPROVEITÁVEL | C61: un | D61: 48.72 | E61: SEINFRA/MG
A62: ED-48470 | B62: REMOÇÃO MANUAL DE METAIS COMUNS E ACABAMENTOS (TORNEIRA, ACABAMENTO PARA REGISTRO, SIFÃO, ENGATE FLEXÍVEL, ETC.), COM REAPROVEITAMENTO, INCLUSIVE AFASTAMENTO E EMPILHAMENTO, EXCLUSIVE TRANSPORTE E RETIRADA DO MATERIAL REMOVIDO NÃO REAPROVEITÁVEL | C62: un | D62: 7.28 | E62: SEINFRA/MG
A63: ED-48471 | B63: REMOÇÃO MANUAL DE METAIS EMBUTIDOS (BASE DE REGISTRO, VÁLVULA DE DESCARGA, TORNEIRA ANTIVANDALISMO, ETC.), COM REAPROVEITAMENTO, INCLUSIVE AFASTAMENTO E EMPILHAMENTO, EXCLUSIVE TRANSPORTE E RETIRADA DO MATERIAL REMOVIDO NÃO REAPROVEITÁVEL | C63: un | D63: 23.16 | E63: SEINFRA/MG
A64: 8713 | B64: DEMOLIÇÃO E REMOÇÃO DE DIVISÓRIA E BANCADA | E64: SEINFRA/MG
A65: ED-48452 | B65: DEMOLIÇÃO MANUAL DE ALVENARIA/DIVISÓRIA DE ELEMENTOS VAZADOS (COBOGÓ, ETC. ), INCLUSIVE AFASTAMENTO E EMPILHAMENTO, EXCLUSIVE TRANSPORTE E RETIRADA DO MATERIAL DEMOLIDO | C65: m2 | D65: 19.9 | E65: SEINFRA/MG
A66: ED-48453 | B66: DEMOLIÇÃO MANUAL DE DIVISÓRIA COMERCIAL EM LAMINADO, INCLUSIVE AFASTAMENTO E EMPILHAMENTO, EXCLUSIVE TRANSPORTE E RETIRADA DO MATERIAL DEMOLIDO | C66: m2 | D66: 8.02 | E66: SEINFRA/MG
A67: ED-8024 | B67: DEMOLIÇÃO MANUAL DE DIVISÓRIA DE MADEIRA, INCLUSIVE AFASTAMENTO E EMPILHAMENTO, EXCLUSIVE TRANSPORTE E RETIRADA DO MATERIAL DEMOLIDO | C67: m2 | D67: 12.23 | E67: SEINFRA/MG
A68: ED-48437 | B68: REMOÇÃO MANUAL DE BANCADA DE PEDRA (MÁRMORE, GRANITO, ARDÓSIA, MARMORITE, ETC.), COM REAPROVEITAMENTO, INCLUSIVE RASGO EM ALVENARIA, REMOÇÃO DE ACESSÓRIOS DE FIXAÇÃO, AFASTAMENTO E EMPILHAMENTO, EXCLUSIVE TRANSPORTE E RETIRADA DO MATERIAL REMOVIDO NÃO REAPROVEITÁVEL | C68: m2 | D68: 60.59 | E68: SEINFRA/MG
A69: ED-28348 | B69: REMOÇÃO MANUAL DE DIVISÓRIA EM PEDRA (MÁRMORE, GRANITO, ARDÓSIA, MARMORITE, ETC.), COM REAPROVEITAMENTO, INCLUSIVE RASGO EM ALVENARIA, REMOÇÃO DE ACESSÓRIOS DE FIXAÇÃO, AFASTAMENTO E EMPILHAMENTO, EXCLUSIVE TRANSPORTE E RETIRADA DO MATERIAL REMOVIDO NÃO REAPROVEITÁVEL | C69: m2 | D69: 50.58 | E69: SEINFRA/MG
A70: 8714 | B70: DEMOLIÇÃO DE ALVENARIA | E70: SEINFRA/MG
A71: ED-48436 | B71: DEMOLIÇÃO MANUAL DE ALVENARIA DE TIJOLO CERÂMICO MACIÇO, INCLUSIVE AFASTAMENTO E EMPILHAMENTO, EXCLUSIVE TRANSPORTE E RETIRADA DO MATERIAL DEMOLIDO | C71: m3 | D71: 171.88 | E71: SEINFRA/MG
A72: ED-48435 | B72: DEMOLIÇÃO MANUAL DE ALVENARIA DE TIJOLO CERÂMICO OU BLOCO DE CONCRETO, INCLUSIVE AFASTAMENTO E EMPILHAMENTO, EXCLUSIVE TRANSPORTE E RETIRADA DO MATERIAL DEMOLIDO | C72: m3 | D72: 118.17 | E72: SEINFRA/MG
A73: ED-28338 | B73: DEMOLIÇÃO MANUAL DE CONSTRUÇÃO EM ALVENARIAS DE VEDAÇÃO, COM ESPESSURA MÁXIMA DE 15CM, INCLUSIVE REMOÇÃO COM REAPROVEITAMENTO DE ESQUADRIAS, AFASTAMENTO E EMPILHAMENTO, EXCLUSIVE TRANSPORTE E RETIRADA DO MATERIAL DEMOLIDO/REMOVIDO NÃO REAPROVEITÁVEL | C73: m2 | D73: 18.78 | E73: SEINFRA/MG
A74: 8715 | B74: DEMOLIÇÃO DE CONCRETO | E74: SEINFRA/MG
A75: ED-48441 | B75: DEMOLIÇÃO MANUAL DE CONCRETO ARMADO, INCLUSIVE AFASTAMENTO E EMPILHAMENTO, EXCLUSIVE TRANSPORTE E RETIRADA DO MATERIAL DEMOLIDO | C75: m3 | D75: 540.19 | E75: SEINFRA/MG
A76: ED-48440 | B76: DEMOLIÇÃO MANUAL DE CONCRETO, SEM ARMAÇÃO, INCLUSIVE AFASTAMENTO E EMPILHAMENTO, EXCLUSIVE TRANSPORTE E RETIRADA DO MATERIAL DEMOLIDO | C76: m3 | D76: 327.39 | E76: SEINFRA/MG
A77: ED-48443 | B77: DEMOLIÇÃO MECANIZADA DE CONCRETO ARMADO, COM EQUIPAMENTO ELÉTRICO, INCLUSIVE AFASTAMENTO E EMPILHAMENTO, EXCLUSIVE TRANSPORTE E RETIRADA DO MATERIAL DEMOLIDO | C77: m3 | D77: 281.29 | E77: SEINFRA/MG
A78: ED-48445 | B78: DEMOLIÇÃO MECANIZADA DE CONCRETO ARMADO, COM EQUIPAMENTO PNEUMÁTICO, INCLUSIVE AFASTAMENTO E EMPILHAMENTO, EXCLUSIVE TRANSPORTE E RETIRADA DO MATERIAL DEMOLIDO | C78: m3 | D78: 357.12 | E78: SEINFRA/MG
A79: ED-48442 | B79: DEMOLIÇÃO MECANIZADA DE CONCRETO, SEM ARMAÇÃO, COM EQUIPAMENTO ELÉTRICO, INCLUSIVE AFASTAMENTO E EMPILHAMENTO, EXCLUSIVE TRANSPORTE E RETIRADA DO MATERIAL DEMOLIDO | C79: m3 | D79: 171.71 | E79: SEINFRA/MG
A80: ED-48444 | B80: DEMOLIÇÃO MECANIZADA DE CONCRETO, SEM ARMAÇÃO, COM EQUIPAMENTO PNEUMÁTICO, INCLUSIVE AFASTAMENTO E EMPILHAMENTO, EXCLUSIVE TRANSPORTE E RETIRADA DO MATERIAL DEMOLIDO | C80: m3 | D80: 217.66 | E80: SEINFRA/MG
A81: 8716 | B81: REMOÇÃO DE PADRÃO CONCESSIONÁRIA | E81: SEINFRA/MG
A82: ED-48475 | B82: REMOÇÃO MANUAL DE PADRÃO DE ENTRADA DE ÁGUA, COM REAPROVEITAMENTO, INCLUSIVE AFASTAMENTO E EMPILHAMENTO, EXCLUSIVE TRANSPORTE E RETIRADA DO MATERIAL REMOVIDO NÃO REAPROVEITÁVEL | C82: un | D82: 111.36 | E82: SEINFRA/MG
A83: ED-48474 | B83: REMOÇÃO MANUAL DE PADRÃO DE ENTRADA DE ENERGIA, COM REAPROVEITAMENTO, INCLUSIVE AFASTAMENTO E EMPILHAMENTO, EXCLUSIVE TRANSPORTE E RETIRADA DO MATERIAL REMOVIDO NÃO REAPROVEITÁVEL | C83: un | D83: 279.45 | E83: SEINFRA/MG
A84: 8717 | B84: DEMOLIÇÃO E REMOÇÃO DE PAVIMENTAÇÃO | E84: SEINFRA/MG
A85: ED-48487 | B85: DEMOLIÇÃO MANUAL DE LAJE DE CONCRETO ARMADO, COM ESPESSURA DE ATÉ 15CM, INCLUSIVE AFASTAMENTO E EMPILHAMENTO, EXCLUSIVE TRANSPORTE E RETIRADA DO MATERIAL DEMOLIDO | C85: m2 | D85: 47.27 | E85: SEINFRA/MG
A86: ED-48507 | B86: DEMOLIÇÃO MANUAL DE SARJETA OU SARJETÃO DE CONCRETO, INCLUSIVE AFASTAMENTO E EMPILHAMENTO, EXCLUSIVE TRANSPORTE E RETIRADA DO MATERIAL DEMOLIDO | C86: m2 | D86: 11.82 | E86: SEINFRA/MG
A87: ED-48489 | B87: DEMOLIÇÃO MECANIZADA DE LAJE DE CONCRETO ARMADO, COM ESPESSURA DE ATÉ 15CM, , COM EQUIPAMENTO ELÉTRICO, INCLUSIVE AFASTAMENTO E EMPILHAMENTO, EXCLUSIVE TRANSPORTE E RETIRADA DO MATERIAL DEMOLIDO | C87: m2 | D87: 25.3 | E87: SEINFRA/MG
A88: ED-48486 | B88: DEMOLIÇÃO MECANIZADA DE LAJE DE CONCRETO ARMADO, COM ESPESSURA DE ATÉ 15CM, , COM EQUIPAMENTO PNEUMÁTICO, INCLUSIVE AFASTAMENTO E EMPILHAMENTO, EXCLUSIVE TRANSPORTE E RETIRADA DO MATERIAL DEMOLIDO | C88: m2 | D88: 31.62 | E88: SEINFRA/MG
A89: ED-48492 | B89: DEMOLIÇÃO MECANIZADA DE REVESTIMENTO ASFÁLTICO, COM EQUIPAMENTO PNEUMÁTICO, INCLUSIVE AFASTAMENTO E EMPILHAMENTO, EXCLUSIVE TRANSPORTE E RETIRADA DO MATERIAL DEMOLIDO | C89: m2 | D89: 10.56 | E89: SEINFRA/MG
A90: ED-48490 | B90: REMOÇÃO MANUAL DE ALVENARIA POLIÉDRICA, COM REAPROVEITAMENTO, INCLUSIVE AFASTAMENTO E EMPILHAMENTO, EXCLUSIVE TRANSPORTE E RETIRADA DO MATERIAL REMOVIDO NÃO REAPROVEITÁVEL | C90: m2 | D90: 16.19 | E90: SEINFRA/MG
A91: ED-48488 | B91: REMOÇÃO MANUAL DE CALÇADA PORTUGUESA, COM REAPROVEITAMENTO, INCLUSIVE AFASTAMENTO E EMPILHAMENTO, EXCLUSIVE TRANSPORTE E RETIRADA DO MATERIAL REMOVIDO NÃO REAPROVEITÁVEL | C91: m2 | D91: 9.77 | E91: SEINFRA/MG
A92: ED-48473 | B92: REMOÇÃO MANUAL DE GUIA DE MEIO-FIO EM PEDRA (GNAISSE, BASALTO, ETC.), COM REAPROVEITAMENTO, INCLUSIVE AFASTAMENTO E EMPILHAMENTO, EXCLUSIVE TRANSPORTE E RETIRADA DO MATERIAL REMOVIDO NÃO REAPROVEITÁVEL | C92: m | D92: 23.63 | E92: SEINFRA/MG
A93: ED-48472 | B93: REMOÇÃO MANUAL DE GUIA DE MEIO-FIO PRÉ-MOLDADA EM CONCRETO, COM REAPROVEITAMENTO, INCLUSIVE AFASTAMENTO E EMPILHAMENTO, EXCLUSIVE TRANSPORTE E RETIRADA DO MATERIAL REMOVIDO NÃO REAPROVEITÁVEL | C93: m | D93: 12.6 | E93: SEINFRA/MG
A94: ED-48476 | B94: REMOÇÃO MANUAL DE PAVIMENTAÇÃO INTERTRAVADA OU SEXTAVADO EM PRÉ-MOLDADO DE CONCRETO, COM REAPROVEITAMENTO, INCLUSIVE AFASTAMENTO E EMPILHAMENTO, EXCLUSIVE TRANSPORTE E RETIRADA DO MATERIAL REMOVIDO NÃO REAPROVEITÁVEL | C94: m2 | D94: 16.19 | E94: SEINFRA/MG
A95: ED-48491 | B95: REMOÇÃO MANUAL DE PAVIMENTO PARALELEPÍPEDO, COM REAPROVEITAMENTO, INCLUSIVE AFASTAMENTO E EMPILHAMENTO, EXCLUSIVE TRANSPORTE E RETIRADA DO MATERIAL REMOVIDO NÃO REAPROVEITÁVEL | C95: m2 | D95: 18.05 | E95: SEINFRA/MG
A96: 8718 | B96: DEMOLIÇÃO E REMOÇÃO DE REVESTIMENTO | E96: SEINFRA/MG
A97: ED-48504 | B97: DEMOLIÇÃO MANUAL DE LAMINADO MELAMÍNICO EM SUPERFÍCIE DE MADEIRA OU PAREDE, INCLUSIVE AFASTAMENTO E EMPILHAMENTO, EXCLUSIVE TRANSPORTE E RETIRADA DO MATERIAL DEMOLIDO | C97: m2 | D97: 11.82 | E97: SEINFRA/MG
A98: ED-48501 | B98: DEMOLIÇÃO MANUAL DE REBOCO OU EMBOÇO, COM ESPESSURA DE ATÉ 55MM, INCLUSIVE AFASTAMENTO E EMPILHAMENTO, EXCLUSIVE TRANSPORTE E RETIRADA DO MATERIAL DEMOLIDO | C98: m2 | D98: 11.23 | E98: SEINFRA/MG
A99: ED-48502 | B99: DEMOLIÇÃO MANUAL DE REVESTIMENTO CERÂMICO, AZULEJO OU LADRILHO HIDRÁULICO, INCLUSIVE AFASTAMENTO E EMPILHAMENTO, EXCLUSIVE DEMOLIÇÃO DO REBOCO OU EMBOÇO, TRANSPORTE E RETIRADA DO MATERIAL DEMOLIDO | C99: m2 | D99: 23.39 | E99: SEINFRA/MG
A100: ED-48503 | B100: DEMOLIÇÃO MANUAL DE REVESTIMENTO DE PEDRA (MÁRMORE, GRANITO, ARDÓSIA, ETC.), INCLUSIVE AFASTAMENTO E EMPILHAMENTO, EXCLUSIVE DEMOLIÇÃO DO REBOCO OU EMBOÇO, TRANSPORTE E RETIRADA DO MATERIAL DEMOLIDO | C100: m2 | D100: 28.06 | E100: SEINFRA/MG
A101: ED-48478 | B101: REMOÇÃO MANUAL DE PEITORIL DE MÁRMORE OU GRANITO, COM REAPROVEITAMENTO, INCLUSIVE AFASTAMENTO E EMPILHAMENTO, EXCLUSIVE TRANSPORTE E RETIRADA DO MATERIAL REMOVIDO NÃO REAPROVEITÁVEL | C101: m | D101: 9.21 | E101: SEINFRA/MG
A102: 8719 | B102: DEMOLIÇÃO E REMOÇÃO DE PISO | E102: SEINFRA/MG
A103: ED-48480 | B103: DEMOLIÇÃO MANUAL DE PISO CERÂMICO OU LADRILHO HIDRÁULICO, INCLUSIVE AFASTAMENTO E EMPILHAMENTO, EXCLUSIVE DEMOLIÇÃO DE CONTRAPISO, TRANSPORTE E RETIRADA DO MATERIAL DEMOLIDO | C103: m2 | D103: 18.71 | E103: SEINFRA/MG
A104: ED-48479 | B104: DEMOLIÇÃO MANUAL DE PISO CIMENTADO OU CONTRAPISO DE ARGAMASSA, COM ESPESSURA MÁXIMA DE 10CM, INCLUSIVE AFASTAMENTO E EMPILHAMENTO, EXCLUSIVE TRANSPORTE E RETIRADA DO MATERIAL DEMOLIDO | C104: m2 | D104: 20.05 | E104: SEINFRA/MG
A105: ED-48481 | B105: DEMOLIÇÃO MANUAL DE PISO DE PEDRAS (MÁRMORE, GRANITO, ARDÓSIA, ETC.), INCLUSIVE AFASTAMENTO E EMPILHAMENTO, EXCLUSIVE DEMOLIÇÃO DE CONTRAPISO, TRANSPORTE E RETIRADA DO MATERIAL DEMOLIDO | C105: m2 | D105: 23.39 | E105: SEINFRA/MG
A106: ED-48483 | B106: DEMOLIÇÃO MANUAL DE PISO EM GRANILITE/MARMORITE, INCLUSIVE AFASTAMENTO E EMPILHAMENTO, EXCLUSIVE TRANSPORTE E RETIRADA DO MATERIAL DEMOLIDO | C106: m2 | D106: 25.51 | E106: SEINFRA/MG
A107: ED-48482 | B107: DEMOLIÇÃO MANUAL DE PISO VINÍLICO, INCLUSIVE AFASTAMENTO E EMPILHAMENTO, EXCLUSIVE TRANSPORTE E RETIRADA DO MATERIAL DEMOLIDO | C107: m2 | D107: 9.95 | E107: SEINFRA/MG
...
